Cogmind - Beta 16.1 @@@ ROGUE MODE // 2026.03.27 @ 00:15:05 Player: alice_fexa Result: Escaped! Performance ------------- Evolutions (9) 4500 Regions Visited (33) 6600 Robots Destroyed (610) 3050 Value Destroyed (28608) 28608 Prototype IDs (48) 960 Alien Tech Used (0) 0 Bonus (21216) 21216 TOTAL SCORE: 64934 Bonus ------- High Alert Combat Kills 4452 Follower Combat Kills 3110 Hunted by Unchained 1000 Destroyed Unchained 2000 Entered Garrisons 1400 Used RIF Installer 3500 Entered DSFs 500 Network Hubs Disabled 400 Built Enhanced Grunts 300 Met R17 at Cetus 500 Met R17 at Research 2000 Win 3000 Friendly Fire -946 Cogmind --------- Core Integrity 261/1600 Matter 144/300 Energy 16/100 System Corruption 12% Temperature Cool (2) Movement Flying (40) Location To Epsilon Eridani Parts ------- > --- POWER (2) -------- (None) > --- PROPULSION (8) --- Q-thruster > --- UTILITY (11) ----- Advanced Sensor Array Advanced Signal Interpreter Improved Hacking Suite System Shield > --- WEAPON (4) ------- (None) > --- INVENTORY (5) ---- Light Quantum Reactor Improved Propulsion Shielding Enhanced Nova Cannon Improved Plasma Cutter Peak State ------------ > --- POWER ------------ Light Particle Reactor Light Quantum Reactor > --- PROPULSION ------- Antigrav System Improved Antigrav System Combat Antigrav System Antigrav Array Antigrav Array > --- UTILITY ---------- Advanced Heat Sink Advanced Sensor Array Advanced Signal Interpreter Improved Cloaking Device Improved Propulsion Shielding Centrium Heavy Armor Plating Improved Hacking Suite System Shield Experimental System Shield Advanced Component Analysis Suite > --- WEAPON ----------- Gravity Flail Centrium Greatsword > --- INVENTORY -------- Improved Propulsion Shielding Enhanced Nova Cannon Mini Smartbomb Launcher Fusion Bomb Launcher Improved Plasma Cutter [Rating: 164] Favorites ----------- Power Reinforced Quantum Reactor Engine Improved Ion Engine Power Core Fission Core Reactor Reinforced Quantum Reactor Propulsion Improved Heavy Treads Treads Improved Heavy Treads Wheel Wheel Hover Unit Antigrav Array Flight Unit Q-thruster Utility Huge Storage Unit Device Seismic Detector Storage Huge Storage Unit Processor Core Analyzer Hackware Relay Coupler [NC] Protection Hardened Medium Armor Plating Weapon KE Penetrator Energy Gun Particle Gun Energy Cannon Nova Cannon Ballistic Gun KE Penetrator Ballistic Cannon Enhanced Gauss Cannon Launcher Mini Smartbomb Launcher Special Weapon Improved Remote Datajack Impact Weapon Gravity Flail Slashing Weapon Centrium Greatsword Special Melee Weapon Advanced Datajack Build | -11 -10 -10 -9 -9 -9 -9 -7 -7 -7 -7 -7 -7 -6 -6 -6 -6 -5 -5 -5 -5 -5 -5 -4 -4 -4 -4 -4 -4 -4 -3 -2 -2 -1 ------- Run | Yrd Mat Min Mat Sto Gar Rec Fac Was Fac Gar Fac Gar Fac Gar Fac Gar Fac Was Fac Gar Fac Gar Fac Was Fac Ext Cet Arc Hub Res Res DSF Acc Slots Evolved 18 | . . . 2 . . . 4 . . . . . 2 . . . 2 . . . . . 2 . . . . . . 2 2 . 2 Power 1 | . . . . . . . . . . . . . . . . . 1 . . . . . . . . . . . . . . . . Propulsion 6 | . . . . . . . 2 . . . . . . . . . . . . . . . 1 . . . . . . 1 1 . 1 Utility 9 | . . . 1 . . . 2 . . . . . 1 . . . 1 . . . . . 1 . . . . . . 1 1 . 1 Weapon 2 | . . . 1 . . . . . . . . . 1 . . . . . . . . . . . . . . . . . . . . Parts Attached 342 | 6 18 5 13 5 10 2 7 10 7 6 1 7 18 5 3 9 11 8 20 18 11 15 8 8 14 18 8 4 27 26 1 5 8 Power 41 | 1 6 1 1 2 1 1 . . . 1 . 1 2 . . 1 1 3 . . . 3 . 2 1 . 1 . 4 4 . 3 1 Engine 14 | 1 6 1 1 2 1 1 . . . 1 . . . . . . . . . . . . . . . . . . . . . . . Core 7 | . . . . . . . . . . . . 1 2 . . 1 . . . . . 2 . . . . . . . 1 . . . Reactor 20 | . . . . . . . . . . . . . . . . . 1 3 . . . 1 . 2 1 . 1 . 4 3 . 3 1 Propulsion 54 | 2 3 2 2 1 3 . 3 2 . 2 . . 1 . . 2 . 2 1 3 . 5 1 1 . 4 3 . 4 5 . . 2 Treads 39 | 2 . . 1 . 2 . 3 2 . 2 . . 1 . . 2 . 2 1 3 . 5 1 1 . 4 3 . 4 . . . . Leg . | . . . . . . . . . . . . . . . . . . . . . . . . . . . . . . . . . . Wheel 8 | . 3 2 1 1 1 . . . . . . . . . . . . . . . . . . . . . . . . . . . . Hover 6 | . . . . . . . . . . . . . . . . . . . . . . . . . . . . . . 5 . . 1 Flight 1 | . . . . . . . . . . . . . . . . . . . . . . . . . . . . . . . . . 1 Utility 150 | 1 4 2 2 . 2 . 4 3 6 3 . 5 5 4 1 3 7 2 10 8 7 6 3 5 10 7 2 3 15 14 1 2 3 Device 78 | . 3 2 1 . 1 . 2 . 1 3 . 4 3 4 . 2 4 . 5 3 2 4 . 4 7 3 . 3 9 5 1 1 1 Storage 12 | 1 1 . . . . . 1 1 . . . . . . . . . . 1 1 1 . . . 1 . . . 2 2 . . . Processor 18 | . . . . . . . 1 . 2 . . . . . . . 1 . 1 2 1 1 . . 1 1 . . 2 4 . . 1 Hackware 15 | . . . . . . . . 1 . . . . 1 . 1 . 1 . 2 2 . 1 2 . 1 . . . . 2 . . 1 Protection 27 | . . . 1 . 1 . . 1 3 . . 1 1 . . 1 1 2 1 . 3 . 1 1 . 3 2 . 2 1 . 1 . Artifact . | . . . . . . . . . . . . . . . . . . . . . . . . . . . . . . . . . . Weapon 97 | 2 5 . 8 2 4 1 . 5 1 . 1 1 10 1 2 3 3 1 9 7 4 1 4 . 3 7 2 1 4 3 . . 2 Energy Gun 8 | 1 4 . 3 . . . . . . . . . . . . . . . . . . . . . . . . . . . . . . Energy Cannon 12 | . 1 . 1 . . . . . . . . 1 2 . . 1 1 . . . . . 1 . . 1 . . 1 1 . . 1 Ballistic Gun 54 | 1 . . 4 1 3 . . 2 1 . 1 . 6 1 1 1 2 . 8 6 4 1 2 . 1 4 2 1 1 . . . . Ballistic Cannon 3 | . . . . . . 1 . . . . . . . . . . . . . . . . . . 1 1 . . . . . . . Launcher 8 | . . . . . 1 . . 2 . . . . 1 . . 1 . . . 1 . . 1 . . . . . . 1 . . . Special Weapon 8 | . . . . . . . . 1 . . . . 1 . 1 . . 1 1 . . . . . 1 1 . . 1 . . . . Impact Weapon 2 | . . . . 1 . . . . . . . . . . . . . . . . . . . . . . . . . 1 . . . Slashing Weapon 1 | . . . . . . . . . . . . . . . . . . . . . . . . . . . . . . . . . 1 Piercing Weapon . | . . . . . . . . . . . . . . . . . . . . . . . . . . . . . . . . . . Special Melee Weapon 1 | . . . . . . . . . . . . . . . . . . . . . . . . . . . . . 1 . . . . Unidentified Prototypes 25 | . 1 . 1 1 . . . 2 . 1 . . . . . . . 1 . . 1 1 . 1 1 . 2 . 7 4 . . 1 Corrupted Parts 5 | . . . . . . . . . . . . . . . . . . . . . . . . . 1 . . 1 3 . . . . System Corruption 21 | . . . . . . . . . . . . . . . . . . . . . . . . . 7 . . 4 10 . . . . Parts Lost 83 | . 2 1 . . 6 . . . 1 . . 3 2 . . 4 . . 1 . 4 2 1 . 8 1 . . 24 . . 5 18 Power 12 | . 2 . . . 1 . . . . . . 1 . . . . . . . . 1 . . . 1 . . . 3 . . 1 2 Propulsion 16 | . . 1 . . 2 . . . . . . . 1 . . 2 . . . . . . . . . 1 . . 5 . . . 4 Utility 36 | . . . . . 1 . . . 1 . . 2 1 . . 2 . . 1 . 2 2 . . 4 . . . 10 . . 2 8 Weapon 19 | . . . . . 2 . . . . . . . . . . . . . . . 1 . 1 . 3 . . . 6 . . 2 4 Highest Loss Streak 24 | . 1 1 . . 4 . . . 1 . . 1 1 . . 2 . . 1 . 2 1 1 . 2 1 . . 24 . . 5 12 To Critical Strikes . | . . . . . . . . . . . . . . . . . . . . . . . . . . . . . . . . . . Average Backups 19 | 2 17 20 19 20 19 20 20 23 21 21 20 19 20 20 20 20 20 20 20 20 20 21 20 23 18 19 20 19 20 4 4 4 4 Power 1 | . 2 2 2 2 2 1 2 1 1 1 1 1 1 1 1 1 . . 1 1 . . 1 1 . 1 1 1 . . . . . Propulsion 1 | 1 2 2 2 3 2 2 . . 1 1 2 2 1 1 1 . 1 1 1 1 1 1 1 2 2 1 1 2 1 . . . . Utility 8 | . 2 4 6 8 7 9 9 12 11 11 9 8 10 10 10 10 11 10 9 7 7 8 8 11 7 8 9 9 10 . 1 . 1 Weapon 7 | . 9 11 7 7 7 7 8 8 7 7 7 7 7 7 7 7 6 7 7 9 9 8 7 7 6 6 7 5 5 2 2 2 2 Tool/Special . | . . . . . . . . . . . . . . . . . . . . . . . . . . . . . . . . . . Unused Backups 96 | . 12 1 8 3 6 1 1 13 1 4 . 4 4 3 1 5 1 . 2 1 1 2 1 . . 5 5 . 7 1 1 . 2 Power 14 | . 1 1 1 1 1 . 1 1 . . . 2 2 . . . . . . . . . 1 . . . 1 . . . . . 1 Propulsion 11 | . 2 . 2 1 . 1 . . . 1 . . . . . 2 . . . . . . . . . 1 . . 1 . . . . Utility 38 | . 2 . 1 . 3 . . 6 . 3 . 1 2 2 1 1 1 . 1 1 1 2 . . . 3 1 . 5 . . . 1 Weapon 33 | . 7 . 4 1 2 . . 6 1 . . 1 . 1 . 2 . . 1 . . . . . . 1 3 . 1 1 1 . . Tool/Special . | . . . . . . . . . . . . . . . . . . . . . . . . . . . . . . . . . . Average Slot Usage (%) 86 | . 99 99 99 100 99 99 99 93 83 83 84 83 85 86 86 79 82 86 84 87 87 87 86 74 88 86 87 88 80 47 82 70 43 Engine 2 | . 13 14 11 11 10 11 7 7 7 7 7 2 . . . . . . . . . . . . . . . . . . . . . Core 1 | . . . . . . . . . . . . 4 6 6 6 6 5 2 . . . 4 5 4 . . . . . . . . . Reactor 4 | . . . . . . . . . . . . . . . . . 5 7 11 11 11 5 5 5 10 10 10 10 9 3 8 7 3 Treads 12 | . 14 13 11 11 10 11 22 20 15 14 15 15 13 13 13 12 11 11 11 11 11 11 12 15 15 14 15 15 14 . . . . Wheel 2 | . 13 14 11 11 10 11 7 4 . . . . . . . . . . . . . . . . . . . . . . . . . Device 16 | . 12 14 17 11 11 11 14 7 7 7 7 10 18 20 20 13 11 21 15 28 24 22 20 9 24 18 15 17 16 12 21 17 8 Storage 7 | . 14 14 11 11 11 11 7 7 7 7 7 7 6 6 6 6 5 5 5 5 5 5 5 5 9 10 10 10 6 . . . . Processor 5 | . . . . . . . 7 7 11 15 15 7 6 6 6 6 5 5 5 5 6 5 5 5 5 5 5 5 4 7 4 4 4 Hackware 1 | . . . . . . . . 6 3 . . . 1 . 5 . 4 5 4 . . . 5 1 1 2 . . . 2 8 8 9 Protection 4 | . . . 4 11 10 11 7 7 6 7 7 10 5 5 . 5 4 . 3 . 1 4 5 5 1 2 8 7 8 . 4 5 3 Energy Gun 2 | . 24 28 8 . . . . . . . . . . . . . . . . . . . . . . . . . . . . . . Ballistic Gun 18 | . 3 . 22 32 28 32 22 15 19 22 22 22 22 25 20 24 19 11 19 21 22 22 19 14 17 18 21 17 18 . . . . Peak Build Rating 164 | 6 12 14 23 29 29 24 34 62 68 76 76 76 83 87 84 100 109 109 116 116 120 124 137 144 142 139 152 153 158 150 156 156 164 Average Rating 88 | 4 10 12 20 26 26 23 31 46 63 70 73 73 79 81 83 90 102 108 106 113 116 113 130 136 136 126 144 146 139 74 155 139 86 On Entrance 83 | . 6 12 14 23 29 24 24 34 59 68 72 76 74 78 84 84 100 103 106 114 116 116 124 133 138 132 121 147 148 25 150 156 139 Avg Prop Armor Cover (%) 11 | . 13 13 8 7 7 7 17 18 . . . . . . . . . . . . . . 3 . 3 3 . . 38 26 . . . Naked Turns 3 | . . . . . . . . . . . . . . . . . . . . . . . . . . . . . 3 . . . . Heaviest Build 209 | 10 53 52 58 65 65 60 101 107 108 118 116 124 124 123 112 144 143 163 149 151 166 177 199 209 184 180 194 190 202 66 67 67 65 Greatest Support 185 | 40 40 10 10 12 12 12 12 140 140 150 150 150 150 150 150 150 150 150 145 150 150 155 185 185 185 185 183 183 183 80 80 80 91 Greatest Overweight (x) 8 | . 5 5 5 5 5 4 8 8 . . . . 1 . . 1 . 1 1 1 1 1 1 1 1 1 1 1 3 4 . . . Average Overweight (x) 1 | . 4 4 5 4 4 4 6 4 . . . . . . . . . . . . . 1 . . . . . . . . . . . Largest Inventory Capacity 25 | 8 20 20 20 20 20 20 25 25 25 25 25 25 25 25 25 25 25 25 25 25 25 25 25 25 25 25 25 25 25 20 5 5 5 Average Capacity 23 | 7 19 20 20 20 20 20 22 25 25 25 25 25 25 25 25 25 25 25 25 25 25 25 25 25 25 25 25 25 23 5 5 5 5 Most Carried 25 | 5 20 20 20 20 20 20 25 25 25 25 25 25 25 25 25 25 25 25 25 25 25 25 25 25 25 25 25 25 25 5 5 5 5 Average Carried 22 | 3 17 19 19 20 19 20 20 24 24 24 25 24 24 24 25 24 24 24 24 24 24 24 24 24 24 24 24 24 23 4 4 4 4 Final Capacity 25 | 8 20 20 20 20 20 20 25 25 25 25 25 25 25 25 25 25 25 25 25 25 25 25 25 25 25 25 25 25 5 5 5 5 5 Final Carried 25 | 5 20 20 20 20 20 20 25 25 25 25 25 25 25 25 25 25 25 25 25 25 24 25 25 25 25 25 25 25 5 5 5 5 4 Class Distribution -------------------- 53% | Scavenger-Tank 18% | Tank 7% | Scavenger-Gunner 6% | Scavenger-Mutant 5% | Mutant 3% | Scientist-Tank Dominant Class ---------------- Scavenger-Mutant | -10/Materials Scavenger-Mutant | -10/Mines Scavenger-Gunner | -9/Materials Tank | -9/Storage Tank | -9/Garrison Scavenger-Tank | -9/Recycling Scavenger-Gunner | -7/Factory Scavenger-Gunner | -7/Waste Scavenger-Tank | -7/Factory Scavenger-Tank | -7/Garrison Scavenger-Tank | -7/Factory Scavenger-Tank | -7/Garrison Scavenger-Tank | -6/Factory Scavenger-Tank | -6/Garrison Scientist-Tank | -6/Factory Tank | -6/Garrison Tank | -5/Factory Tank | -5/Waste Scavenger-Tank | -5/Factory Scavenger-Tank | -5/Garrison Scavenger-Tank | -5/Factory Scavenger-Tank | -5/Garrison Scavenger-Tank | -4/Factory Scavenger-Tank | -4/Waste Scavenger-Tank | -4/Factory Scavenger-Tank | -4/Extension Scavenger-Tank | -4/Cetus Scavenger-Tank | -4/Archives Scavenger-Tank | -4/Hub_04(d) Mutant | -3/Research Hacker-Mutant | -2/Research Hacker-Mutant | -2/DSF Hacker-Mutant | -1/Access Resources | -11 -10 -10 -9 -9 -9 -9 -7 -7 -7 -7 -7 -7 -6 -6 -6 -6 -5 -5 -5 -5 -5 -5 -4 -4 -4 -4 -4 -4 -4 -3 -2 -2 -1 ----------- Run | Yrd Mat Min Mat Sto Gar Rec Fac Was Fac Gar Fac Gar Fac Gar Fac Gar Fac Was Fac Gar Fac Gar Fac Was Fac Ext Cet Arc Hub Res Res DSF Acc Matter Collected 27195 | 265 425 70 381 301 642 110 190 414 352 923 58 1175 696 1107 141 1054 573 318 2373 1434 2112 1498 563 347 3227 1151 453 402 2882 984 10 115 449 Remotely 8718 | . . . . . . . . . . . . . . 609 . 575 . . 1404 593 1503 521 364 . 2468 212 . 142 327 . . . . Salvage Created 33078 | 87 739 39 752 394 857 143 177 38 356 1504 58 1150 771 1023 141 1411 597 1413 2950 2270 1976 1679 758 1258 3297 1108 433 305 4096 294 39 41 924 Parts 1543 | 4 51 1 46 23 80 7 9 1 21 64 5 51 34 48 5 74 25 24 149 93 103 85 27 14 130 52 26 25 219 14 . 4 29 Haulers Intercepted 13 | . 2 . 4 2 . . . . . . . . . . . . . . . . . . . . 2 . . . 3 . . . . Recyclers Shooed 19 | . 2 . 1 . . 1 . . . . . . 3 . 1 . 1 . 5 . . . . . 2 . . . . 1 . . 2 Parts Field Recycled . | . . . . . . . . . . . . . . . . . . . . . . . . . . . . . . . . . . Retrieved Matter . | . . . . . . . . . . . . . . . . . . . . . . . . . . . . . . . . . . Parts Self-Destructed . | . . . . . . . . . . . . . . . . . . . . . . . . . . . . . . . . . . Prevented . | . . . . . . . . . . . . . . . . . . . . . . . . . . . . . . . . . . Parts Restored 2 | . . . . . . . . . . . . . 2 . . . . . . . . . . . . . . . . . . . . Broken 2 | . . . . . . . . . . . . . 2 . . . . . . . . . . . . . . . . . . . . Kills | -11 -10 -10 -9 -9 -9 -9 -7 -7 -7 -7 -7 -7 -6 -6 -6 -6 -5 -5 -5 -5 -5 -5 -4 -4 -4 -4 -4 -4 -4 -3 -2 -2 -1 ------- Run | Yrd Mat Min Mat Sto Gar Rec Fac Was Fac Gar Fac Gar Fac Gar Fac Gar Fac Was Fac Gar Fac Gar Fac Was Fac Ext Cet Arc Hub Res Res DSF Acc Combat Hostiles Destroyed 447 | . 14 3 10 7 30 . 3 . 4 22 1 26 8 32 . 32 5 5 37 25 26 33 12 5 25 10 4 . 47 5 . 3 13 Melee 5 | . . . . . 1 . . . . . . 1 . . . . . . . . . . . . . . . . . . . . 3 Guns 322 | . 13 3 9 7 22 . 3 . 4 19 1 22 8 23 . 28 5 . 29 19 18 26 6 1 14 7 4 . 31 . . . . Cannons 23 | . . . 1 . . . . . . . . 1 . . . 1 . 4 2 . . . . 3 4 1 . . 6 . . . . AOE 83 | . . . . . 7 . . . . 3 . 2 . 9 . 2 . . 6 5 8 7 4 . 2 2 . . 9 5 . 3 9 Classes Destroyed 25 | 2 8 1 2 . 1 . . 1 2 . . 2 . . . 1 . 1 . . . 1 . . 1 . . . 2 . . . . Worker 32 | . 2 . 1 1 . . . . . . . . 1 . . . . . 5 . . . . . 11 2 . . 4 1 . . 4 Builder 19 | . 2 . . . . 1 . . . . . . 1 . . . 3 . 3 . 2 . . . 5 . . . 1 . . . 1 Tunneler 7 | 1 . . 1 . . . . . . . . . . . . . . . . . . . 1 . 2 . . . 1 1 . . . Hauler 13 | . 2 . 4 2 . . . . . . . . . . . . . . . . . . . . 2 . . . 3 . . . . Recycler 41 | 1 . . 2 . . 2 . . 1 . . . 3 . 1 . 2 . 8 . 3 . 1 . 7 2 . . 3 1 . . 4 Mechanic 2 | . . . . . . . . . . . . . . . . . . . . 1 1 . . . . . . . . . . . . Operator 20 | . 2 . . 1 . . 1 . . . . . . . . . . . 2 . . . . . . 1 . 9 3 . . . 1 Watcher 22 | . 2 . 2 1 . . . . 1 . . 1 . . 1 2 1 . . . . . . . . 2 2 . 3 2 1 . 1 Swarmer 109 | . 3 2 3 . 13 . . . . 9 . 4 . 13 . 13 . . 11 3 3 8 4 . . 2 . . 9 5 . . 4 Cutter 10 | . . . . . . . . . . . . . . . . . . . . . . 4 . . . . . . . . . 3 3 Grunt 124 | . 9 . 3 3 5 . 2 . . 11 . 12 . 14 . 9 . . 4 12 8 14 3 . 3 . . . 11 . . . 1 Brawler 8 | . . . 1 . 1 . . . 1 1 . . . . . . . . . 1 1 . 1 . . . . . 1 . . . . Duelist 9 | . . . . . . . . . 1 . . 4 . . . 1 . . . . 1 . . . . . . . 2 . . . . Protector 3 | . . . . . . . . . . . . . . . . . . . . . . . . . . . . . 3 . . . . Sentry 51 | . . . 3 4 6 . . . 1 1 1 3 3 4 . 2 3 . 6 4 2 2 . . 1 3 . . 2 . . . . Specialist 4 | . . . . . . . . . . . . . . . . 2 . . . . . . . . 2 . . . . . . . . Hunter 34 | . . . . . . . . . . . . 1 2 . . 2 . . 4 5 7 1 2 . 8 2 . . . . . . . Programmer 58 | . . . . . 5 . . . 1 . . 1 3 1 . 3 2 . 11 . 4 2 2 . 9 1 . . 8 . . . 5 Heavy 2 | . . . . . . . . . . . . . . . . . . . . . . . . . 1 . . . 1 . . . . Behemoth 7 | . . . . . . . . . . . . 1 . . . . . . 1 1 . 2 . . . 2 . . . . . . . Compactor 10 | . . . . . . . . . . . . . . . . . . 5 . . . . . 5 . . . . . . . . . Cetus Guard 4 | . . . . . . . . . . . . . . . . . . . . . . . . . . . 4 . . . . . . Enhanced Grunt 2 | . . . . . . . . . . . . . . . . . . . . . . . . . . . . . 2 . . . . Lightning 9 | . . . . . . . . . . . . . . . . . . . . . . . . . . . . . 9 . . . . Alpha 7 1 | . . . . . . . . . . . . . . . . . . . . . . . . . . . . . 1 . . . . Subdweller 2 | . 2 . . . . . . . . . . . . . . . . . . . . . . . . . . . . . . . . Assembled 1 | . . 1 . . . . . . . . . . . . . . . . . . . . . . . . . . . . . . . Surgeon 1 | . . . . . . . . . 1 . . . . . . . . . . . . . . . . . . . . . . . . Thug 1 | . . . . . . . 1 . . . . . . . . . . . . . . . . . . . . . . . . . . Savage 2 | . . . . . . . . . . . . . . . . . . . . . . . . . . 1 1 . . . . . . Martyr 1 | . . . . . . . . 1 . . . . . . . . . . . . . . . . . . . . . . . . . Infiltrator 1 | . . . . . . . . . . . . . . . . . . . . . . 1 . . . . . . . . . . . Best Kill Streak 13 | 2 5 2 4 4 9 2 2 . 2 5 1 7 2 8 1 6 4 1 9 6 5 5 4 2 5 3 3 6 13 6 1 3 8 Combat Bots Only 9 | . 5 2 3 2 9 . 2 . 2 5 1 7 1 8 . 6 2 1 5 6 5 5 4 2 4 3 3 . 5 3 . 3 6 Max Kills in Single Turn 5 | 1 1 1 1 1 4 1 1 1 2 2 1 1 2 4 1 2 1 1 5 4 2 3 2 1 2 2 2 1 4 2 1 1 3 Gunslinging 1 | . . . . . 1 . . . . 1 . . . 1 . 1 . . 1 1 1 1 . . . . . . 1 . . . . Exploded 4 | . . . . . 4 . . . . 1 . 1 . 4 . 2 . . 3 3 2 2 2 . 1 1 . . 4 2 . 1 2 Melee 1 | . . . . . 1 . . . . . . 1 . . . . . . . . . . . . . . . . . . . . 1 Uniques/NPCs Destroyed 2 | . . . . . . . . . . . . . . . . . . . . . . . . . 1 . . . 1 . . . . BL-1NK (-4/Factory) CL-0N3 (-4/Hub_04(d)) Combat | -11 -10 -10 -9 -9 -9 -9 -7 -7 -7 -7 -7 -7 -6 -6 -6 -6 -5 -5 -5 -5 -5 -5 -4 -4 -4 -4 -4 -4 -4 -3 -2 -2 -1 -------- Run | Yrd Mat Min Mat Sto Gar Rec Fac Was Fac Gar Fac Gar Fac Gar Fac Gar Fac Was Fac Gar Fac Gar Fac Was Fac Ext Cet Arc Hub Res Res DSF Acc Hostile Shots Fired 2668 | . 59 18 30 18 112 2 9 . 15 72 45 114 129 157 3 191 20 . 164 83 184 90 34 . 312 42 3 4 476 3 . 45 234 Missed 673 | . 22 6 7 2 23 . 1 . 4 19 13 28 51 45 1 37 2 . 43 18 31 23 13 . 74 7 1 . 89 . . 22 91 Hits 1995 | . 37 12 23 16 89 2 8 . 11 53 32 86 78 112 2 154 18 . 121 65 153 67 21 . 238 35 2 4 387 3 . 23 143 Melee 69 | . . . . . . . . . 1 . . 2 . . . 4 . . . . 4 3 . . . . . . 42 . . 1 12 Projectile 1926 | . 37 12 23 16 89 2 8 . 10 53 32 84 78 112 2 150 18 . 121 65 149 64 21 . 238 35 2 4 345 3 . 22 131 AOE 8 | . . 1 . . . . . . . . . . . . . . . . 2 . . 3 . . 1 . . . . . . 1 . Critical Strikes 104 | . . 1 . . 5 . 1 . 2 . . 5 1 3 . 5 1 . 6 2 13 5 1 . 3 2 . . 36 . . 3 9 Actively Blocked 19 | . . . . . . . . . . . . . . . . . . . . . . . . . . . . . 19 . . . . Part Disruptions 5 | . . . . . 1 . . . . . . . 1 . . . . . . . . . . . . . . . . . . . 3 Actively Blocked 1 | . . . . . . . . . . . . . . . . . . . . . . . . . . . . . . . . . 1 Damage Taken 30465 | . 543 176 240 219 1204 30 131 . 261 694 238 1412 615 884 23 1214 234 . 1518 696 2429 773 221 . 2778 558 24 72 8270 67 . 1279 3662 Core 3321 | . 77 47 17 41 82 . 18 . 16 7 23 83 26 44 . 73 . . 75 68 126 51 . . 181 18 . . 778 20 . 111 1339 Absorbed by Shields 9093 | . . . . . . . . . . 76 . 187 148 509 . 774 159 . 788 665 1117 803 216 . 2664 246 25 75 641 . . . . Reduced by Siege Mode 2154 | . . . . . . . . . . 77 47 112 23 37 . 40 11 . 119 91 291 33 12 . 457 55 . 3 746 . . . . Redirected to Shielding 100 | . . . . . . . . . . . . . . . . . . . . . . . . . . . . . . . . . 100 Ignored by Resistances 1991 | . . . . . . . . . . . . . . . . . . . 197 . . . . . 144 . . . 1650 . . . . Regen/Repaired (Parts) 1016 | . . . 49 . . . . 48 144 . . . 264 . . . . . 28 165 318 . . . . . . . . . . . . Core Remaining (%) 66 | 100 . 50 . . . 65 . . . . . 79 . . . 83 . . . . . 68 . . . . . . 15 98 . 92 16 Volleys Fired 1529 | 5 63 10 37 20 40 5 8 6 27 126 7 65 53 42 7 52 34 73 124 97 76 62 33 56 155 36 16 28 120 20 . 4 22 Largest 4 | 2 2 2 3 3 3 3 3 2 3 3 3 3 4 4 3 4 4 3 4 4 4 4 4 4 4 4 4 4 4 1 . 1 1 Hottest 212 | 60 130 130 198 73 73 71 71 48 94 94 94 89 186 119 91 126 123 113 212 132 132 132 134 134 153 150 140 140 155 110 . 80 120 Shots Fired 3822 | 10 124 19 111 58 115 14 24 8 61 196 16 170 113 144 15 175 90 77 306 216 253 218 72 68 485 119 65 69 365 20 . 4 22 Gun 3294 | 10 124 19 105 58 113 14 24 4 54 193 14 167 81 139 12 168 75 6 247 165 239 214 52 16 427 94 65 62 333 . . . . Cannon 387 | . . . 6 . . . . . . . . 1 26 . . 6 14 66 43 39 2 . 11 46 52 20 . 7 29 15 . . 4 Launcher 82 | . . . . . 2 . . . . 3 . 2 . 5 . 1 . . 3 7 11 4 7 . 4 3 . . 3 5 . 4 18 Special 59 | . . . . . . . . 4 7 . 2 . 6 . 3 . 1 5 13 5 1 . 2 6 2 2 . . . . . . . Kinetic 3166 | 5 26 . 63 58 113 14 24 4 54 193 14 167 81 139 12 168 75 6 247 165 239 214 52 16 447 110 65 62 333 . . . . Thermal 486 | 5 98 19 48 . . . . . . . . . 26 . . . 11 66 38 39 2 . 11 46 19 4 . 7 28 15 . . 4 Explosive 61 | . . . . . 2 . . . . 3 . 2 . 5 . 1 . . 3 3 1 4 4 . . 3 . . 3 5 . 4 18 Electromagnetic 50 | . . . . . . . . . . . . 1 . . . 6 3 . 5 4 10 . 3 . 17 . . . 1 . . . . Robot Hit Streak 62 | 3 14 2 8 11 13 7 12 16 18 40 8 20 36 21 7 15 18 22 34 62 37 18 11 22 36 28 19 11 34 6 . 9 21 Robot Miss Streak 9 | 2 3 3 9 4 6 3 3 . 2 1 1 5 3 4 3 4 2 2 3 4 3 2 2 3 4 2 5 4 5 1 . . 1 Penetration Max 2 | . . . . . . . . . . . . . . . . . . . 1 1 1 1 1 . 1 1 1 . 2 . . . . Secondary Targets 59 | . 2 . 1 . 5 . 1 . 1 4 . 6 . 4 . 9 . . 4 2 3 3 1 . 2 1 2 . 8 . . . . Max Gunslinging Chain 1 | . 1 . 1 . 1 . 1 . 1 1 . 1 . 1 . 1 . . 1 1 1 1 1 . 1 1 1 . 1 . . . . Shots Hit Robots 2689 | 6 85 8 50 41 79 7 16 9 45 162 13 123 69 101 12 112 51 70 188 175 207 153 43 58 348 80 33 41 258 11 1 3 31 Core Hits 1444 | 3 36 3 26 19 46 3 7 2 16 69 3 121 52 152 10 59 21 12 97 83 83 76 27 10 112 42 25 19 155 10 . 9 36 Critical Kills 55 | . . . 1 . 2 . . . 1 1 . . 1 1 . 2 . 1 4 6 3 4 . 1 4 1 1 3 16 . . . 2 Critical Parts Destroyed 58 | . . . . . . . . . . 2 . 1 . . . . . . 7 2 8 5 . . 7 2 2 1 18 . . . 3 Critical Strikes 123 | . 1 . 1 . 2 . . . 1 3 . 1 1 1 . 2 . 1 11 8 12 10 . 1 12 6 3 5 36 . . . 5 Burn 1 | . 1 . . . . . . . . . . . . . . . . . . . . . . . . . . . . . . . . Meltdown 3 | . . . . . . . . . . . . . . . . . . 1 . 1 . . . 1 . . . . . . . . . Destroy 112 | . . . 1 . 2 . . . 1 3 . 1 1 1 . 2 . . 11 7 12 10 . . 11 5 3 5 36 . . . . Blast 2 | . . . . . . . . . . . . . . . . . . . . . . . . . 1 1 . . . . . . . Smash 5 | . . . . . . . . . . . . . . . . . . . . . . . . . . . . . . . . . 5 Melee Attacks 63 | . . . . 6 19 . 1 1 . 1 . 1 . . . . . . . . . . . . . . . . . 1 1 . 32 Impact 58 | . . . . 6 19 . 1 1 . 1 . 1 . . . . . . . . . . . . . . . . . 1 1 . 27 Slashing 5 | . . . . . . . . . . . . . . . . . . . . . . . . . . . . . . . . . 5 Piercing . | . . . . . . . . . . . . . . . . . . . . . . . . . . . . . . . . . . Sneak Attacks 7 | . . . . . 1 . . 1 . . . 1 . . . . . . . . . . . . . . . . . . 1 . 3 Combat Hostiles . | . . . . . . . . . . . . . . . . . . . . . . . . . . . . . . . . . . Follow-up Attacks 2 | . . . . . . . . . . . . . . . . . . . . . . . . . . . . . . . . . 2 Damage Inflicted 79839 | 59 1210 127 814 731 1724 128 335 151 901 3785 245 3037 1447 3440 208 2919 1345 2610 6090 5582 5419 4433 1627 2178 8748 2226 1318 1180 9734 1190 214 499 4185 Guns 55006 | 59 1210 127 793 731 1357 128 335 91 901 3248 245 2430 1288 2307 201 2485 1236 136 4642 3204 4450 3617 988 334 6763 1773 1318 987 7622 . . . . Cannons 9784 | . . . 21 . . . . . . . . 38 159 . . 185 109 2474 193 1443 . . . 1844 1168 253 . 193 1154 505 . . 45 Explosions 12694 | . . . . . 275 . . . . 537 . 468 . 1133 . 214 . . 1250 935 969 816 639 . 363 200 . . 938 685 . 499 2773 Melee 1831 | . . . . . 92 . . 60 . . . 98 . . . . . . . . . . . . . . . . . . 214 . 1367 Ramming 524 | . . . . . . . . . . . . 3 . . 7 35 . . 5 . . . . . 454 . . . 20 . . . . Kinetic 54286 | 15 149 . 525 731 1357 128 335 91 901 3248 245 2430 1288 2307 201 2485 1236 136 4642 3204 4450 3617 988 334 7290 2026 1318 987 7622 . . . . Thermal 10029 | 44 1061 127 289 . . . . . . . . . 159 . . . 39 2474 326 1443 75 . . 1844 247 . . 193 1100 563 . . 45 Explosive 10514 | . . . . . 275 . . . . 537 . 468 . 1133 . 214 . . 1021 625 216 816 401 . . 200 . . 709 627 . 499 2773 Electromagnetic 2655 | . . . . . . . . . . . . 38 . . . 185 70 . 96 310 678 . 238 . 757 . . . 283 . . . . Impact 1453 | . . . . . 92 . . 60 . . . 98 . . . . . . . . . . . . . . . . . . 214 . 989 Slashing 378 | . . . . . . . . . . . . . . . . . . . . . . . . . . . . . . . . . 378 Piercing . | . . . . . . . . . . . . . . . . . . . . . . . . . . . . . . . . . . Highest Corruption 22 | . . . . . 6 6 . . 1 1 1 3 . . 5 11 1 1 9 9 21 22 1 2 21 21 16 16 19 . . 4 12 Average Corruption 8 | . . . . . 3 6 . . 1 1 1 1 . . 5 9 1 1 3 9 13 21 1 1 13 17 16 12 5 . . 1 9 Corruption Purged 30 | . . . . . . . . . . . . . . . . . 1 . 6 . . . . . . 5 . 18 . . . . . Corruption Blocked . | . . . . . . . . . . . . . . . . . . . . . . . . . . . . . . . . . . Effects 745 | . . . . . 23 18 . . 2 8 4 18 . . 6 60 3 6 57 63 59 103 6 3 114 74 20 18 56 . . . 24 Message Errors 187 | . . . . . 4 3 . . . 3 1 6 . . . 10 . 3 19 19 17 29 . . 26 15 9 6 12 . . . 5 Matter Fused 146 | . . . . . 4 6 . . . 1 . 5 . . 1 8 . 2 14 13 9 19 1 1 27 17 1 2 8 . . . 7 Heat Flow Errors 88 | . . . . . 4 . . . 1 1 1 2 . . . 10 . . 3 8 6 5 . 1 12 11 4 3 11 . . . 5 Energy Discharges 85 | . . . . . 4 3 . . 1 2 1 1 . . 1 11 . . 4 6 7 11 2 . 12 5 2 2 8 . . . 2 Parts Rejected 4 | . . . . . 1 . . . . . . . . . . . . . . . . 1 . . 1 . . . 1 . . . . Parts Fused 10 | . . . . . . . . . . . . . . . . 1 . . 3 . . 2 . . 1 3 . . . . . . . Data Loss (minor) 74 | . . . . . 2 3 . . . 1 . 1 . . 3 8 2 1 4 8 6 8 . . 12 5 2 . 6 . . . 2 Data Loss (major) 41 | . . . . . 2 2 . . . . . 2 . . 1 3 . . 5 3 4 3 2 1 2 6 1 1 1 . . . 2 Misfires 42 | . . . . . 1 . . . . . . 1 . . . 3 1 . 3 2 2 7 . . 11 7 1 . 3 . . . . Alerts 9 | . . . . . 1 . . . . . . . . . . 2 . . . 1 . 1 1 . 2 1 . . . . . . . Misdirections 3 | . . . . . . . . . . . . . . . . . . . . . . 1 . . 1 . . . . . . . 1 Weapon Failures 56 | . . . . . . 1 . . . . 1 . . . . 4 . . 2 3 8 16 . . 7 4 . 4 6 . . . . Overload Shots . | . . . . . . . . . . . . . . . . . . . . . . . . . . . . . . . . . . Overflow Damage 1720 | . . . . . . . . 20 . 105 . 36 4 18 . 7 . . 281 33 15 33 17 . 29 43 . . 94 94 190 60 641 Projectiles 140 | . . . . . . . . . . . . . 4 . . . . . 24 . . . . . 19 . . . 24 69 . . . Explosions 844 | . . . . . . . . . . 105 . 36 . 18 . . . . 257 33 15 33 17 . . 43 . . 70 25 . 60 132 Melee 736 | . . . . . . . . 20 . . . . . . . 7 . . . . . . . . 10 . . . . . 190 . 509 Knockbacks 8 | . . . . . . . . . . . . . . . . . . . . . . . . . 2 . . . . . . . 6 Impact 6 | . . . . . . . . . . . . . . . . . . . . . . . . . . . . . . . . . 6 Kinetic 2 | . . . . . . . . . . . . . . . . . . . . . . . . . 2 . . . . . . . . Secondary . | . . . . . . . . . . . . . . . . . . . . . . . . . . . . . . . . . . Self-Inflicted Damage 912 | . . . . . 58 . . . . . . . . 5 . . . . . . 86 . 65 . . . . . 105 . . 190 403 Shots 21 | . . . . . 2 . . . . . . . . 1 . . . . . . 3 . 5 . . . . . 1 . . 3 6 Rammed 53 | . . . . . . . . . . . . . . . 1 2 . . 1 . . . . . 47 . . . 2 . . . . Targets Rammed 54 | . . . . . . . . . . . . 1 . . 1 2 . . 1 . . . . . 47 . . . 2 . . . . Kicked . | . . . . . . . . . . . . . . . . . . . . . . . . . . . . . . . . . . Crushed 1 | . . . . . . . . . . . . 1 . . . . . . . . . . . . . . . . . . . . . Highest Temperature 587 | 20 246 126 238 . 228 . 1 . 248 245 206 304 59 72 . 296 228 140 349 268 226 245 313 199 247 531 166 274 587 80 . . 293 Average Temperature 69 | 15 73 47 68 . 82 . 1 . 141 46 73 43 20 26 . 97 87 21 87 47 48 59 79 51 56 143 27 60 87 24 . . 64 Received Heat Transfer 4852 | . 216 63 36 72 189 9 90 . . 228 78 680 98 175 . 231 17 . 181 111 372 118 30 . 339 79 . 8 1405 . . 9 18 Effects 11 | . 1 . . . . . . . . . . . . . . . . . 1 . . . . . . 6 . . 3 . . . . Shutdowns 3 | . . . . . . . . . . . . . . . . . . . . . . . . . . 3 . . . . . . . Energy Bleed 3 | . 1 . . . . . . . . . . . . . . . . . 1 . . . . . . 1 . . . . . . . Interference 3 | . . . . . . . . . . . . . . . . . . . . . . . . . . . . . 3 . . . . Damage (major) 2 | . . . . . . . . . . . . . . . . . . . . . . . . . . 2 . . . . . . . Siege Activations 120 | . . . . . . . . . . 7 1 7 6 9 . 5 4 . 16 6 9 13 3 . 13 6 2 3 10 . . . . Total Turns 3230 | . . . . . . . . . . 143 22 86 64 96 . 85 48 . 137 108 483 100 26 . 1185 82 28 17 520 . . . . Longest Duration 336 | . . . . . . . . . . 59 22 21 21 26 . 30 15 . 19 49 270 24 14 . 336 32 23 8 250 . . . . Martial Activations . | . . . . . . . . . . . . . . . . . . . . . . . . . . . . . . . . . . Shielding Activations . | . . . . . . . . . . . . . . . . . . . . . . . . . . . . . . . . . . Robots Disrupted . | . . . . . . . . . . . . . . . . . . . . . . . . . . . . . . . . . . Combat Hostiles . | . . . . . . . . . . . . . . . . . . . . . . . . . . . . . . . . . . Robots Corrupted 14 | . . . . . . . . 1 . . . . . . . 1 . . . 1 . . 2 . 5 . . . 1 . . . 3 Combat Hostiles 11 | . . . . . . . . . . . . . . . . 1 . . . 1 . . 2 . 5 . . . 1 . . . 1 Parts Fried 40 | . . . . . . . . 3 . . . . . . . 1 2 . 1 3 4 . 3 . 10 . . . 5 . . . 8 Impact Corruptions 19 | . . . . . . . . 1 . . . . . . . 1 . . . . . . . . 2 . . . . . 3 . 12 Robots Melted 4 | . 1 . . . . . . . . . . . . . . . . 1 . 1 . . . 1 . . . . . . . . . Combat Hostiles 3 | . 1 . . . . . . . . . . . . . . . . 1 . . . . . 1 . . . . . . . . . Parts Melted 23 | . 4 . 4 . . . . . . . . . . . . . . 3 . 6 . . . 2 4 . . . . . . . . Heat Transferred 10598 | 100 2207 284 703 . . . . . . . . . 250 . . . 37 2331 224 1332 157 . . 1591 222 . . 185 888 50 . . 37 Parts Sabotaged 8 | . . . . . . . . . . . . . . . . . . . . . . 8 . . . . . . . . . . . Parts Stolen . | . . . . . . . . . . . . . . . . . . . . . . . . . . . . . . . . . . Parts Stripped . | . . . . . . . . . . . . . . . . . . . . . . . . . . . . . . . . . . Power Chain Reactions 7 | . . . . . . . . . . . . . . . . . . . . . 6 . . . . . . . . 1 . . . Alert | -11 -10 -10 -9 -9 -9 -9 -7 -7 -7 -7 -7 -7 -6 -6 -6 -6 -5 -5 -5 -5 -5 -5 -4 -4 -4 -4 -4 -4 -4 -3 -2 -2 -1 ------- Run | Yrd Mat Min Mat Sto Gar Rec Fac Was Fac Gar Fac Gar Fac Gar Fac Gar Fac Was Fac Gar Fac Gar Fac Was Fac Ext Cet Arc Hub Res Res DSF Acc Maximum Alert Level 4 | . . . . . 3 2 1 . . 3 2 4 2 3 2 3 2 . 2 4 3 4 3 1 1 1 . 1 3 2 1 1 2 Low Security (%) 42 | 100 100 100 100 100 10 . 85 100 100 8 . . . 19 . . . 100 66 . . . . 82 77 90 100 95 34 . 80 13 36 Level 1 16 | . . . . . 11 96 14 . . 11 8 23 67 17 1 7 59 . 18 . . . . 17 22 9 . 4 31 35 19 86 21 Level 2 21 | . . . . . 67 3 . . . 45 91 4 32 21 98 25 40 . 14 40 91 5 69 . . . . . 13 64 . . 41 Level 3 15 | . . . . . 11 . . . . 34 . 53 . 42 . 66 . . . 55 8 47 30 . . . . . 19 . . . . Level 4 3 | . . . . . . . . . . . . 18 . . . . . . . 3 . 47 . . . . . . . . . . . Level 5 . | . . . . . . . . . . . . . . . . . . . . . . . . . . . . . . . . . . High Security . | . . . . . . . . . . . . . . . . . . . . . . . . . . . . . . . . . . Max Security . | . . . . . . . . . . . . . . . . . . . . . . . . . . . . . . . . . . Peak Influence 1498 | 5 100 64 75 122 895 402 232 30 80 949 497 1216 638 1075 564 1084 569 110 595 1167 720 1498 802 255 306 220 167 206 939 490 200 261 543 Initial 786 | . . 12 . . 67 402 184 30 . 32 497 278 638 169 564 278 569 110 . 415 612 501 786 255 18 145 109 32 51 490 200 117 145 Average 367 | 1 20 3 18 35 517 291 156 2 18 567 440 756 358 557 487 736 411 18 194 779 550 1040 676 129 102 133 90 151 339 417 180 225 317 Influence Increases 16654 | 10 394 74 350 318 888 62 294 48 315 917 31 1008 262 946 14 866 187 4 1245 892 628 1037 442 6 861 791 226 314 1875 247 6 176 920 Destroy 0b10 Robot/C 7935 | . 240 60 200 140 600 40 80 . 140 440 20 605 120 630 . 525 75 . 555 480 390 540 180 . 360 345 120 60 675 75 . 45 195 Destroy 0b10 Robot/NC 749 | 10 50 . 50 25 . 15 5 . 15 30 . 9 20 . 8 8 24 . 72 28 24 4 8 . 108 36 8 36 88 20 4 . 44 Destroy Leader 1242 | . 68 10 62 66 20 . . . 64 30 10 28 56 32 2 32 34 . 152 40 80 48 32 . 108 68 . . 136 12 2 8 42 Allied During Kill 733 | . . 4 . . . 6 9 . 60 . . 40 . 47 . 40 . . . 77 . 24 . . . 143 76 96 111 . . . . Successful Hack 630 | . 19 . 20 32 21 . 70 . 20 28 . 25 30 . 4 12 6 . 54 11 18 . 58 . 33 61 . . 51 12 . . 45 Disable Machine 939 | . . . 15 30 . . 15 . 15 . . . 12 12 . . 24 . 192 . 24 12 12 . 144 36 . 72 276 12 . 12 24 Anti-Garrison Action 1480 | . . . . . 150 . . . . 300 . 239 . 113 . 189 . . . 188 . 301 . . . . . . . . . . . Destroy Structure 1994 | . 2 . 3 10 67 1 . 48 1 44 1 14 24 88 . . 24 4 208 44 92 108 140 6 84 102 22 50 406 92 . 99 210 Advance Influence 100 | . . . . . . . 100 . . . . . . . . . . . . . . . . . . . . . . . . . . Partial Spotted 114 | . 15 . . . 15 . . . . . . . . . . . . . 12 . . . 12 . . . . . 12 24 . . 24 Lose Combat Pursuer 738 | . . . . 15 15 . 15 . . 45 . 48 . 24 . 60 . . . 24 . . . . 24 . . . 120 . . 12 336 Influence Decreases 16111 | 10 362 106 350 214 97 755 408 136 269 14 582 190 1236 113 691 180 955 320 652 318 1079 255 1210 709 590 893 341 247 1088 825 207 89 620 Entered New Map 6584 | . . 20 . . 37 493 118 58 . 14 452 120 578 73 511 120 515 206 . 178 555 215 712 475 9 153 87 49 97 445 157 39 98 Time Decay 7781 | 10 350 76 350 214 . 262 270 52 231 . 130 . 628 . 180 . 440 114 482 . 474 . 478 214 511 550 254 198 541 380 50 . 342 Lost Part 812 | . 12 10 . . 60 . . . 10 . . 30 20 . . 40 . . 10 . 40 20 10 . 70 10 . . 240 . . 50 180 Lost Ally 634 | . . . . . . . 20 26 28 . . 40 10 40 . 20 . . 10 140 10 20 10 20 . 180 . . 60 . . . . Purge Threat 300 | . . . . . . . . . . . . . . . . . . . 150 . . . . . . . . . 150 . . . . Squads Dispatched 84 | . 3 . . 1 . . 3 . 5 . 1 . 5 . 1 . 2 . 14 . 9 . 3 . 9 4 . . 13 2 . 2 7 Investigation 10 | . 1 . . . . . . . . . . . 1 . . . 1 . 2 . 2 . 1 . . 2 . . . . . . . Extermination 30 | . . . . . . . 1 . 3 . . . 4 . . . 1 . 5 . 2 . 2 . 5 . . . 5 . . . 2 Reinforcement 32 | . 2 . . 1 . . 2 . . . . . . . . . . . 4 . 5 . . . 4 2 . . 3 2 . 2 5 Assault 3 | . . . . . . . . . . . . . . . 1 . . . . . . . . . . . . . 2 . . . . Garrison 9 | . . . . . . . . . 2 . 1 . . . . . . . 3 . . . . . . . . . 3 . . . . Intercept . | . . . . . . . . . . . . . . . . . . . . . . . . . . . . . . . . . . Searches Triggered . | . . . . . . . . . . . . . . . . . . . . . . . . . . . . . . . . . . Unchained Authorized 3 | . . . . . . . . . . . . . . . . . . . . . 1 . . . 1 . . . 1 . . . . Construction Impeded 1 | . . . . . . . . . . . . . . . . . . . 1 . . . . . . . . . . . . . . Haulers Reinforced 3 | . . . . . . . . . . . . . . . . . . . 1 . . . . . 1 . . . . 1 . . . Active Scanning Responses . | . . . . . . . . . . . . . . . . . . . . . . . . . . . . . . . . . . Cargo Convoy Interrupts 1 | . . . . . . . . . . . . . . . . . . . . . 1 . . . . . . . . . . . . Stealth | -11 -10 -10 -9 -9 -9 -9 -7 -7 -7 -7 -7 -7 -6 -6 -6 -6 -5 -5 -5 -5 -5 -5 -4 -4 -4 -4 -4 -4 -4 -3 -2 -2 -1 --------- Run | Yrd Mat Min Mat Sto Gar Rec Fac Was Fac Gar Fac Gar Fac Gar Fac Gar Fac Was Fac Gar Fac Gar Fac Was Fac Ext Cet Arc Hub Res Res DSF Acc Distress Signals 19 | . . 1 . 1 . . . . . . . . . . . 1 . . 1 . 1 . . . . . 2 . 4 4 . . 4 Communications Jammed 176 | . . . . . . . . . . . . . . . 3 . . . 6 . 4 . . . 82 . . 1 80 . . . . Distress Signals 115 | . . . . . . . . . . . . . . . . . . . 6 . 1 . . . 32 . . 1 75 . . . . Times Spotted 641 | . 25 8 12 10 28 2 8 5 10 20 1 34 15 40 4 39 6 6 48 30 33 35 13 5 37 16 4 10 71 10 . 8 48 Peak Tracking Total 13 | . 3 3 3 2 9 1 3 3 2 3 1 6 4 7 2 6 2 1 3 5 7 5 3 3 3 4 5 1 13 3 . 5 13 Tactical Retreats 30 | . . . . 1 1 . 1 . . 2 . 2 . 2 . 3 . . . 2 . . . . 2 . . . 5 . . 1 8 Traps | -11 -10 -10 -9 -9 -9 -9 -7 -7 -7 -7 -7 -7 -6 -6 -6 -6 -5 -5 -5 -5 -5 -5 -4 -4 -4 -4 -4 -4 -4 -3 -2 -2 -1 ------- Run | Yrd Mat Min Mat Sto Gar Rec Fac Was Fac Gar Fac Gar Fac Gar Fac Gar Fac Was Fac Gar Fac Gar Fac Was Fac Ext Cet Arc Hub Res Res DSF Acc Traps Triggered 63 | . 1 . . . 5 . 2 . 3 1 . 6 . 6 1 5 2 . 4 4 2 13 1 . 4 2 . . . . . 1 . Indirectly 5 | . . . . . . . . . . . . . . . . . . . . 2 . . . . 3 . . . . . . . . Trap Hack Attempts . | . . . . . . . . . . . . . . . . . . . . . . . . . . . . . . . . . . Triggered . | . . . . . . . . . . . . . . . . . . . . . . . . . . . . . . . . . . Disarmed 6 | . . . . 6 . . . . . . . . . . . . . . . . . . . . . . . . . . . . . Reprogrammed . | . . . . . . . . . . . . . . . . . . . . . . . . . . . . . . . . . . Reused . | . . . . . . . . . . . . . . . . . . . . . . . . . . . . . . . . . . Traps Extracted . | . . . . . . . . . . . . . . . . . . . . . . . . . . . . . . . . . . Installed . | . . . . . . . . . . . . . . . . . . . . . . . . . . . . . . . . . . Triggered . | . . . . . . . . . . . . . . . . . . . . . . . . . . . . . . . . . . Machines | -11 -10 -10 -9 -9 -9 -9 -7 -7 -7 -7 -7 -7 -6 -6 -6 -6 -5 -5 -5 -5 -5 -5 -4 -4 -4 -4 -4 -4 -4 -3 -2 -2 -1 ---------- Run | Yrd Mat Min Mat Sto Gar Rec Fac Was Fac Gar Fac Gar Fac Gar Fac Gar Fac Was Fac Gar Fac Gar Fac Was Fac Ext Cet Arc Hub Res Res DSF Acc Machines Disabled 95 | . . . 1 2 . . 1 . 1 4 . 3 1 2 . 3 2 . 16 3 2 4 1 . 12 4 . 6 23 1 . 1 2 Max in Single Turn 11 | . . . 1 1 . . 1 . 1 1 . 1 1 1 . 1 1 . 4 1 1 1 1 . 2 1 . 1 11 1 . 1 1 Garrison Access 7 | . . . . . . . . . . . . . . . . . . . 2 . . . 2 . 1 . . . . 1 . . 1 Garrison Relay 14 | . . . . . . . . . . 4 . 3 . 1 . 2 . . . 2 . 2 . . . . . . . . . . . Network Hub 2 | . . . . . . . . . . . . . . . . . . . . . . . . . . . . . 2 . . . . Machines Repaired . | . . . . . . . . . . . . . . . . . . . . . . . . . . . . . . . . . . Machines Dismantled 3 | . . . . . . . . . . . . . . . . . . . . . . . . . . 2 . . 1 . . . . Machines Sabotaged . | . . . . . . . . . . . . . . . . . . . . . . . . . . . . . . . . . . Overloaded Fab Kills . | . . . . . . . . . . . . . . . . . . . . . . . . . . . . . . . . . . Hacking | -11 -10 -10 -9 -9 -9 -9 -7 -7 -7 -7 -7 -7 -6 -6 -6 -6 -5 -5 -5 -5 -5 -5 -4 -4 -4 -4 -4 -4 -4 -3 -2 -2 -1 --------- Run | Yrd Mat Min Mat Sto Gar Rec Fac Was Fac Gar Fac Gar Fac Gar Fac Gar Fac Was Fac Gar Fac Gar Fac Was Fac Ext Cet Arc Hub Res Res DSF Acc Machines Accessed 159 | . 8 1 7 9 4 8 4 . 6 3 2 3 12 1 2 2 7 . 17 2 7 . 9 . 12 15 . . 7 4 2 . 5 Terminals 93 | . 6 1 5 7 4 4 2 . . 3 . 3 5 1 1 2 3 . 9 2 2 . 3 . 4 13 . . 7 1 1 . 4 Fabricators 5 | . . . . . . . . . 1 . . . 1 . . . 1 . 1 . . . . . 1 . . . . . . . . Repair Stations 9 | . . . 1 . . . 1 . 2 . 1 . 1 . . . . . 1 . 1 . . . . 1 . . . . . . . Recycling Units 24 | . 2 . . 1 . 4 . . . . . . 2 . . . 2 . 1 . 2 . 2 . 4 1 . . . 2 1 . . Scanalyzers 13 | . . . 1 . . . 1 . 2 . . . 2 . . . 1 . 2 . 1 . 2 . 1 . . . . . . . . Garrison Access 15 | . . . . 1 . . . . 1 . 1 . 1 . 1 . . . 3 . 1 . 2 . 2 . . . . 1 . . 1 Total Hacks 371 | . 23 4 30 18 8 17 10 . 16 5 3 4 34 2 3 3 12 . 36 3 12 . 22 . 21 37 . . 21 11 3 . 13 Successful 175 | . 15 . 17 11 2 5 5 . 9 2 2 2 20 . 2 1 5 . 13 2 4 . 13 . 10 15 . . 10 3 2 . 5 Failed 193 | . 7 4 12 7 6 12 5 . 7 3 1 2 14 2 1 2 7 . 22 1 8 . 9 . 11 22 . . 11 8 1 . 8 Catastrophic 51 | . . 1 . 2 2 2 1 . 2 . . 1 2 . 1 2 3 . 7 1 1 . 6 . 4 3 . . 6 1 . . 3 Database Lockouts 3 | . 1 . 1 . . . . . . . . . . . . . . . 1 . . . . . . . . . . . . . . Manual 160 | . 19 4 24 10 . 9 3 . 1 . . . 17 . 2 . 6 . 13 . 6 . 10 . 3 14 1 . 14 . . . 4 Terminals 245 | . 20 4 25 16 8 9 4 . . 5 . 4 16 2 2 3 6 . 22 3 5 . 10 . 8 33 . . 21 5 2 . 12 Fabricators 11 | . . . . . . . . . 4 . . . 2 . . . 2 . 1 . . . . . 2 . . . . . . . . Repair Stations 24 | . . . 4 . . . 3 . 7 . 1 . 5 . . . . . 1 . 1 . . . . 2 . . . . . . . Recycling Units 40 | . 3 . . 1 . 8 . . . . . . 3 . . . 3 . 3 . 2 . 3 . 6 2 . . . 5 1 . . Scanalyzers 31 | . . . 1 . . . 3 . 4 . . . 7 . . . 1 . 4 . 3 . 5 . 3 . . . . . . . . Garrison Access 20 | . . . . 1 . . . . 1 . 2 . 1 . 1 . . . 5 . 1 . 4 . 2 . . . . 1 . . 1 Terminal Hacks 58 | . 5 . 5 5 2 . . . . 2 . 2 4 . . 1 1 . 3 2 . . 1 . 2 10 . . 7 1 1 . 4 Part Schematic 2 | . . . 1 . . . . . . . . . . . . . 1 . . . . . . . . . . . . . . . . Robot Analysis 2 | . 1 . . 1 . . . . . . . . . . . . . . . . . . . . . . . . . . . . . Prototype ID Bank 5 | . 1 . 1 1 . . . . . . . . . . . . . . . . . . . . . 2 . . . . . . . Open Door 8 | . . . . 2 1 . . . . . . . . . . . . . . . . . . . . 4 . . . . . . 1 Open DSF 1 | . . . . . . . . . . . . . . . . . . . . . . . . . . . . . . . 1 . . Level Access Points 1 | . . . . . . . . . . . . . . . . . . . . . . . . . . . . . . . . . 1 Branch Access Points 4 | . . . 1 . . . . . . . . . . . . . . . 1 . . . . . 1 . . . . 1 . . . Emergency Access Points 4 | . . . . . 1 . . . . 1 . 1 . . . . . . . 1 . . . . . . . . . . . . . Terminal Index 4 | . 1 . . . . . . . . . . . 1 . . . . . . . . . . . . . . . 1 . . . 1 Unreport Threat 2 | . . . . . . . . . . . . . . . . . . . 1 . . . . . . . . . 1 . . . . Locate Traps 13 | . 2 . 2 . . . . . . . . . 2 . . . . . . . . . 1 . 1 3 . . 2 . . . . Disarm Traps 1 | . . . . 1 . . . . . . . . . . . . . . . . . . . . . . . . . . . . . Hauler Manifests 1 | . . . . . . . . . . . . . 1 . . . . . . . . . . . . . . . . . . . . Zone Layout 6 | . . . . . . . . . . . . . . . . . . . 1 . . . . . . 1 . . 3 . . . 1 Garrison Registry 3 | . . . . . . . . . . 1 . 1 . . . . . . . 1 . . . . . . . . . . . . . Security Stations 1 | . . . . . . . . . . . . . . . . 1 . . . . . . . . . . . . . . . . . Fabricator Hacks 3 | . . . . . . . . . . . . . 1 . . . 1 . . . . . . . 1 . . . . . . . . Network Status 3 | . . . . . . . . . . . . . 1 . . . 1 . . . . . . . 1 . . . . . . . . Repair Station Hacks 11 | . . . 4 . . . 1 . 4 . . . 2 . . . . . . . . . . . . . . . . . . . . Scan Component 7 | . . . 2 . . . 1 . 2 . . . 2 . . . . . . . . . . . . . . . . . . . . Repair 4 | . . . 2 . . . . . 2 . . . . . . . . . . . . . . . . . . . . . . . . Recycling Unit Hacks 19 | . 2 . . 1 . 3 . . . . . . 2 . . . 2 . 1 . 1 . 2 . 2 1 . . . 1 1 . . Retrieve Components 19 | . 2 . . 1 . 3 . . . . . . 2 . . . 2 . 1 . 1 . 2 . 2 1 . . . 1 1 . . Scanalyzer 16 | . . . . . . . 2 . 3 . . . 4 . . . . . 1 . 1 . 3 . 2 . . . . . . . . Insert Component 1 | . . . . . . . . . 1 . . . . . . . . . . . . . . . . . . . . . . . . Retrieve Study 15 | . . . . . . . 2 . 2 . . . 4 . . . . . 1 . 1 . 3 . 2 . . . . . . . . Garrison Access Hacks 20 | . . . . 1 . . . . 1 . 2 . 1 . 1 . . . 5 . 1 . 4 . 2 . . . . 1 . . 1 Unlock Access 7 | . . . . 1 . . . . 1 . 1 . 1 . 1 . . . 1 . 1 . . . . . . . . . . . . Seal Access 7 | . . . . . . . . . . . . . . . . . . . 2 . . . 2 . 1 . . . . 1 . . 1 Coupler Status 6 | . . . . . . . . . . . 1 . . . . . . . 2 . . . 2 . 1 . . . . . . . . Unauthorized Hacks 48 | . 8 . 8 4 . 2 2 . 1 . . . 6 . 1 . 1 . 3 . 1 . 3 . 1 4 . . 3 . . . . Terminals 44 | . 8 . 8 4 . 2 2 . . . . . 4 . 1 . 1 . 3 . . . 3 . 1 4 . . 3 . . . . Assimilate 1 | . . . . . . . . . . . . . . . . . . . . . . . 1 . . . . . . . . . . Botnet 21 | . 2 . 2 1 . 1 2 . . . . . 3 . 1 . 1 . 2 . . . 1 . 1 2 . . 2 . . . . Disrupt 1 | . . . . . . . . . . . . . . . . . . . . . . . . . . 1 . . . . . . . Operators 6 | . 1 . 1 . . . . . . . . . 1 . . . . . 1 . . . 1 . . . . . 1 . . . . Skim 15 | . 5 . 5 3 . 1 . . . . . . . . . . . . . . . . . . . 1 . . . . . . . Fabricators 2 | . . . . . . . . . 1 . . . 1 . . . . . . . . . . . . . . . . . . . . Haulers 2 | . . . . . . . . . 1 . . . 1 . . . . . . . . . . . . . . . . . . . . Repair Stations 1 | . . . . . . . . . . . . . . . . . . . . . 1 . . . . . . . . . . . . Patch 1 | . . . . . . . . . . . . . . . . . . . . . 1 . . . . . . . . . . . . Recycling Units 1 | . . . . . . . . . . . . . 1 . . . . . . . . . . . . . . . . . . . . Monitor 1 | . . . . . . . . . . . . . 1 . . . . . . . . . . . . . . . . . . . . Scanalyzers . | . . . . . . . . . . . . . . . . . . . . . . . . . . . . . . . . . . Garrison Access . | . . . . . . . . . . . . . . . . . . . . . . . . . . . . . . . . . . Data Cores Recovered 5 | . 1 . . 1 . . . . . . . . . . . . . . 1 . . . . . . . . . 1 . . . 1 Used . | . . . . . . . . . . . . . . . . . . . . . . . . . . . . . . . . . . Hacking Detections 130 | . 4 1 6 7 4 6 4 . 4 3 2 2 12 1 2 2 6 . 14 1 5 . 8 . 11 12 . . 7 2 1 . 3 Full Trace Events 14 | . . 1 . 1 1 2 . . . . . 1 1 . . 1 1 . 2 . . . 1 . . 2 . . . . . . . Feedback Events 2 | . . . . . . . . . . . . . . . . 1 1 . . . . . . . . . . . . . . . . Corruption 2 | . . . . . . . . . . . . . . . . 1 1 . . . . . . . . . . . . . . . . Feedback Blocked . | . . . . . . . . . . . . . . . . . . . . . . . . . . . . . . . . . . Robot Schematics Acquired 54 | . . . . . . . . . . . . . . . . . . . . . . . . . . . . . 54 . . . . Robots Built . | . . . . . . . . . . . . . . . . . . . . . . . . . . . . . . . . . . Authchips . | . . . . . . . . . . . . . . . . . . . . . . . . . . . . . . . . . . Time . | . . . . . . . . . . . . . . . . . . . . . . . . . . . . . . . . . . Total Robot Build Rating . | . . . . . . . . . . . . . . . . . . . . . . . . . . . . . . . . . . Part Schematics Acquired 2 | . . . 1 . . . . . . . . . . . . . 1 . . . . . . . . . . . . . . . . Parts Built . | . . . . . . . . . . . . . . . . . . . . . . . . . . . . . . . . . . Authchips . | . . . . . . . . . . . . . . . . . . . . . . . . . . . . . . . . . . Time . | . . . . . . . . . . . . . . . . . . . . . . . . . . . . . . . . . . Total Part Build Rating . | . . . . . . . . . . . . . . . . . . . . . . . . . . . . . . . . . . Part Studies Acquired 15 | . . . . . . . 2 . 2 . . . 4 . . . . . 1 . 1 . 3 . 2 . . . . . . . . Parts Repaired 3 | . . . 2 . . . . . 1 . . . . . . . . . . . . . . . . . . . . . . . . Time 243 | . . . 70 . . . . . 173 . . . . . . . . . . . . . . . . . . . . . . . . Parts Recycled . | . . . . . . . . . . . . . . . . . . . . . . . . . . . . . . . . . . Recycled Matter . | . . . . . . . . . . . . . . . . . . . . . . . . . . . . . . . . . . Retrieved Matter . | . . . . . . . . . . . . . . . . . . . . . . . . . . . . . . . . . . Retrieved Components 29 | . 5 . . . . 9 . . . . . . 3 . . . 1 . . . . . 3 . 3 4 . . . . 1 . . Parts Scanalyzed . | . . . . . . . . . . . . . . . . . . . . . . . . . . . . . . . . . . Part Schematics Acquired . | . . . . . . . . . . . . . . . . . . . . . . . . . . . . . . . . . . Parts Damaged . | . . . . . . . . . . . . . . . . . . . . . . . . . . . . . . . . . . Bothacking | -11 -10 -10 -9 -9 -9 -9 -7 -7 -7 -7 -7 -7 -6 -6 -6 -6 -5 -5 -5 -5 -5 -5 -4 -4 -4 -4 -4 -4 -4 -3 -2 -2 -1 ------------ Run | Yrd Mat Min Mat Sto Gar Rec Fac Was Fac Gar Fac Gar Fac Gar Fac Gar Fac Was Fac Gar Fac Gar Fac Was Fac Ext Cet Arc Hub Res Res DSF Acc Used RIF Installer 7 | . . . . . 1 . . . . 1 . 1 . 1 . 1 . . . 1 . 1 . . . . . . . . . . . Hotswap 1 | . . . . . . . . . . . . . . . . . . . . . . 1 . . . . . . . . . . . Threat Obfuscator 1 | . . . . . . . . . . . . 1 . . . . . . . . . . . . . . . . . . . . . Watcher Feeds 1 | . . . . . . . . . . . . . . . . 1 . . . . . . . . . . . . . . . . . Patrol Navigation 1 | . . . . . . . . . . . . . . 1 . . . . . . . . . . . . . . . . . . . Structural Interface 1 | . . . . . . . . . . 1 . . . . . . . . . . . . . . . . . . . . . . . Autooverride 1 | . . . . . . . . . . . . . . . . . . . . 1 . . . . . . . . . . . . . Robots Hacked 38 | . . . . . . . . 4 4 . 1 . 3 . 1 . 1 5 5 2 1 . 2 6 2 1 . . . . . . . Non-combat 20 | . . . . . . . . . 4 . 1 . 3 . 1 . 1 . 4 1 . . 2 . 2 1 . . . . . . . Combat 18 | . . . . . . . . 4 . . . . . . . . . 5 1 1 1 . . 6 . . . . . . . . . Robot Hacks Applied 44 | . . . . . . . . 4 5 . 1 . 4 . 2 . 1 5 8 2 1 . 2 6 2 1 . . . . . . . parse_system 5 | . . . . . . . . . 1 . . . 1 . 1 . . . 1 . 1 . . . . . . . . . . . . find_chute 3 | . . . . . . . . . . . . . 1 . . . 1 . . . . . 1 . . . . . . . . . . find_fabricator 1 | . . . . . . . . . 1 . . . . . . . . . . . . . . . . . . . . . . . . drop_inventory 2 | . . . . . . . . . 1 . . . . . . . . . 1 . . . . . . . . . . . . . . find_recycling 1 | . . . . . . . . . . . . . 1 . . . . . . . . . . . . . . . . . . . . find_station 1 | . . . . . . . . . . . 1 . . . . . . . . . . . . . . . . . . . . . . map_route 5 | . . . . . . . . . 1 . . . . . 1 . . . 2 . . . 1 . . . . . . . . . . mark_security 1 | . . . . . . . . . . . . . . . . . . . . . . . . . . 1 . . . . . . . ignore_targets 15 | . . . . . . . . 4 . . . . . . . . . 5 . . . . . 6 . . . . . . . . . link_complan 1 | . . . . . . . . . . . . . . . . . . . 1 . . . . . . . . . . . . . . overload_power 1 | . . . . . . . . . . . . . . . . . . . 1 . . . . . . . . . . . . . . amplify_resonance 2 | . . . . . . . . . . . . . . . . . . . . . . . . . 2 . . . . . . . . reboot_system 1 | . . . . . . . . . . . . . . . . . . . 1 . . . . . . . . . . . . . . formatsys_low 4 | . . . . . . . . . 1 . . . 1 . . . . . 1 1 . . . . . . . . . . . . . formatsys_high 1 | . . . . . . . . . . . . . . . . . . . . 1 . . . . . . . . . . . . . Relay Couplers Released 74 | . . . . . . . . . . 17 . 17 . 3 . 10 . . 6 10 . 8 3 . . . . . . . . . . Machine Destruction 66 | . . . . . . . . . . 17 . 13 . 3 . 10 . . 2 10 . 8 3 . . . . . . . . . . Programmers 8 | . . . . . . . . . . . . 4 . . . . . . 4 . . . . . . . . . . . . . . Attached 12 | . . . . . . . . 1 . . . . 1 . 1 . 1 . 2 2 . 1 2 . 1 . . . . . . . . Fabnet Peak Effective % . | . . . . . . . . . . . . . . . . . . . . . . . . . . . . . . . . . . Robots Rewired 14 | . . . . . 2 . . . . . . . . . . 1 . . . 7 . . . . . 4 . . . . . . . Allies Hacked 1 | . . . . . . . . . . . . . . . . . . . . . 1 . . . . . . . . . . . . Hacks Repelled . | . . . . . . . . . . . . . . . . . . . . . . . . . . . . . . . . . . Allies | -11 -10 -10 -9 -9 -9 -9 -7 -7 -7 -7 -7 -7 -6 -6 -6 -6 -5 -5 -5 -5 -5 -5 -4 -4 -4 -4 -4 -4 -4 -3 -2 -2 -1 -------- Run | Yrd Mat Min Mat Sto Gar Rec Fac Was Fac Gar Fac Gar Fac Gar Fac Gar Fac Was Fac Gar Fac Gar Fac Was Fac Ext Cet Arc Hub Res Res DSF Acc Total Allies 60 | . . 1 . . 2 . . 19 1 . . 2 1 2 . 1 . . 1 9 . 2 1 1 . 12 5 . . . . . . Largest Group 19 | . . 1 . . 2 2 2 19 11 . . 2 1 2 . 1 . . 1 7 1 2 1 1 . 6 6 6 5 . . . . Highest-Rated Group 623 | . . 31 . . 51 51 51 465 303 . . 157 23 142 . 99 . . 23 203 23 175 10 46 . 383 623 623 480 . . . . Highest-Rated Ally 159 | . . 31 . . 31 31 31 35 31 . . 95 23 80 . 99 . . 23 49 23 95 10 46 . 159 159 143 96 . . . . Total Orders 36 | . . . . . . . . . . . . . 5 . . 6 . . 1 11 4 . 4 . . . . 2 3 . . . . STAY 16 | . . . . . . . . . . . . . 2 . . 3 . . . 4 2 . 2 . . . . 1 2 . . . . FOLLOW 14 | . . . . . . . . . . . . . 2 . . 3 . . . 4 1 . 2 . . . . 1 1 . . . . AID 6 | . . . . . . . . . . . . . 1 . . . . . 1 3 1 . . . . . . . . . . . . Ally Attacks 481 | . . 9 . . . 2 18 102 53 . . 21 . 25 . 13 . . . 31 . 8 . 4 . 87 24 34 50 . . . . Total Damage 15391 | . . 102 . . . 40 362 3818 828 . . 966 . 1017 . 284 . . . 882 . 532 . 96 . 2641 776 1436 1611 . . . . Kills 78 | . . 1 . . . 2 1 12 4 . . 8 . 10 . 3 . . . 7 . 3 . . . 15 4 4 4 . . . . Allies Corrupted 2 | . . . . . . . . 1 . . . 1 . . . . . . . . . . . . . . . . . . . . . Allies Melted . | . . . . . . . . . . . . . . . . . . . . . . . . . . . . . . . . . . Intel | -11 -10 -10 -9 -9 -9 -9 -7 -7 -7 -7 -7 -7 -6 -6 -6 -6 -5 -5 -5 -5 -5 -5 -4 -4 -4 -4 -4 -4 -4 -3 -2 -2 -1 ------- Run | Yrd Mat Min Mat Sto Gar Rec Fac Was Fac Gar Fac Gar Fac Gar Fac Gar Fac Was Fac Gar Fac Gar Fac Was Fac Ext Cet Arc Hub Res Res DSF Acc Active Infowar (turns) 25862 | . . . . . . . 583 27 . 421 191 133 1890 1103 365 830 1025 700 3317 1869 1143 2104 1209 35 2913 1580 554 417 1964 770 105 74 540 Optics 2 | . . . . . . . . . . . . . . . . . . . . . . . . . . 2 . . . . . . . Sensors 1327 | . . . . . . . . . . . . . . . . . . . . . . . . . . . . . . 645 105 74 503 IFF 1 | . . . . . . . . . . . . . . 1 . . . . . . . . . . . . . . . . . . . Terrain 1 | . . . . . . . . . . . . . . . . . . . . . . . . . . 1 . . . . . . . Structural 581 | . . . . . . . . . . . . . . . . . . . . . . . . . 581 . . . . . . . . Seismic 17634 | . . . . . . . 583 27 . 421 191 133 1889 1090 365 806 1014 699 3211 1869 324 . . . 1549 1176 150 319 1040 665 105 8 . Cloaking 374 | . . . . . . . . . . . . . . . . . . . . . . . . . . . . . . . . 30 344 Spoofing 1 | . . . . . . . . . . . . . . . . . . . . . . 1 . . . . . . . . . . . Jamming 20011 | . . . . . . . . . . . . . 1 397 365 733 1015 700 3070 1862 1125 2103 1209 35 2881 1580 554 417 1964 . . . . Robot Analysis Total 101 | . 1 . . 1 . . . . . . . . . . . . . . . . . . . . . . . . 99 . . . . Derelict Logs Recovered 2 | . . 2 . . . . . . . . . . . . . . . . . . . . . . . . . . . . . . . Drone Launches . | . . . . . . . . . . . . . . . . . . . . . . . . . . . . . . . . . . Drone Recoveries . | . . . . . . . . . . . . . . . . . . . . . . . . . . . . . . . . . . Exploration | -11 -10 -10 -9 -9 -9 -9 -7 -7 -7 -7 -7 -7 -6 -6 -6 -6 -5 -5 -5 -5 -5 -5 -4 -4 -4 -4 -4 -4 -4 -3 -2 -2 -1 ------------- Run | Yrd Mat Min Mat Sto Gar Rec Fac Was Fac Gar Fac Gar Fac Gar Fac Gar Fac Was Fac Gar Fac Gar Fac Was Fac Ext Cet Arc Hub Res Res DSF Acc Turns Passed 39572 | 86 1663 1273 1254 572 1350 574 584 849 846 1454 271 1599 2176 1442 365 1667 1099 738 3438 1869 1218 2108 1221 450 2913 1580 554 417 2111 887 105 74 765 Spaces Moved 17894 | 37 893 606 570 222 646 365 277 410 394 637 135 815 1067 686 205 797 512 255 1404 762 335 842 588 149 743 528 166 97 797 837 158 100 859 Core 422 | 2 . . . . . . . . . . . . . . . . . . . . . . . . . . . . 150 66 . . 204 Treads 12005 | 35 20 . . . . . . 186 394 637 135 815 1067 686 205 797 512 255 1404 762 335 842 588 149 743 528 166 97 647 . . . . Legs . | . . . . . . . . . . . . . . . . . . . . . . . . . . . . . . . . . . Wheels 3783 | . 873 606 570 222 646 365 277 224 . . . . . . . . . . . . . . . . . . . . . . . . . Hover 1461 | . . . . . . . . . . . . . . . . . . . . . . . . . . . . . . 771 158 100 432 Flight 223 | . . . . . . . . . . . . . . . . . . . . . . . . . . . . . . . . . 223 Fastest Speed 40 | 50 140 140 155 150 150 150 150 160 160 160 160 160 160 160 160 160 170 170 170 170 160 200 150 150 150 150 155 160 50 50 53 53 40 Average Speed 155 | 154 149 149 155 158 160 150 186 187 160 160 160 160 160 160 160 164 170 206 179 172 166 202 174 199 165 206 200 173 148 63 53 53 47 Slowest Speed 255 | 160 160 155 155 165 165 150 210 240 160 160 160 160 240 160 160 240 170 255 255 255 240 237 237 205 194 240 240 240 240 250 53 53 58 Overloaded Moves . | . . . . . . . . . . . . . . . . . . . . . . . . . . . . . . . . . . Propulsion Burnouts . | . . . . . . . . . . . . . . . . . . . . . . . . . . . . . . . . . . Robots Hopped 3 | . . . . . . . . . . . . . . . . . . . . . . . . . . . . . . 1 . . 2 Potential Cave-ins . | . . . . . . . . . . . . . . . . . . . . . . . . . . . . . . . . . . Cave-ins Triggered . | . . . . . . . . . . . . . . . . . . . . . . . . . . . . . . . . . . Exploration Rate (%) 53 | 4 98 96 41 48 79 75 6 96 14 84 5 84 25 94 8 91 17 85 56 78 13 85 17 82 22 74 57 88 67 17 4 93 25 Regions Visited 33 Branch Regions 7 Pre-discovered Areas 3 | . . 1 2 . . . . . . . . . . . . . . . . . . . . . . . . . . . . . . Known Exits Taken 12 | . . . 1 1 . 1 . . 1 . 1 . 1 . 1 . . . 1 . 1 . . . 1 . . . . 1 1 . . Unknown Exits Taken 7 | 1 1 1 . . . . . . . . . . . . . . . . . . . . . . . 1 1 1 1 . . . . Scrap Searched 1 | . . 1 . . . . . . . . . . . . . . . . . . . . . . . . . . . . . . . Spaces Dug 135 | . . . . 2 2 . . . . 1 . . 15 19 . . 4 . 21 10 2 . 5 . 13 6 . . 2 . . . 33 Terrain Destroyed 1202 | . . . . 2 15 . . . . 50 1 9 23 76 . . 12 2 124 41 61 60 83 3 50 62 11 29 267 61 . 39 121 Melee 9 | . . . . 2 2 . . . . 1 . . . . . . . . . . . . . . . . . . . . . . 4 Projectile 339 | . . . . . . . . . . . 1 . 23 . . . 12 2 45 4 39 4 16 3 49 26 11 29 70 3 . . 2 AOE 851 | . . . . . 13 . . . . 49 . 9 . 76 . . . . 79 37 21 55 67 . . 36 . . 197 58 . 39 115 Terrain Rammed . | . . . . . . . . . . . . . . . . . . . . . . . . . . . . . . . . . . Walls Destroyed . | . . . . . . . . . . . . . . . . . . . . . . . . . . . . . . . . . . Machines Disabled . | . . . . . . . . . . . . . . . . . . . . . . . . . . . . . . . . . . Actions | -11 -10 -10 -9 -9 -9 -9 -7 -7 -7 -7 -7 -7 -6 -6 -6 -6 -5 -5 -5 -5 -5 -5 -4 -4 -4 -4 -4 -4 -4 -3 -2 -2 -1 --------- Run | Yrd Mat Min Mat Sto Gar Rec Fac Was Fac Gar Fac Gar Fac Gar Fac Gar Fac Was Fac Gar Fac Gar Fac Was Fac Ext Cet Arc Hub Res Res DSF Acc Total 26974 | 54 1123 961 868 396 848 382 329 500 562 905 178 996 1467 949 236 1047 678 399 2106 1198 862 1139 745 245 2132 944 352 288 1487 1166 177 115 1140 Wait 5559 | 2 89 329 207 123 52 5 19 22 117 110 30 82 265 167 11 117 76 32 421 207 377 136 87 14 1072 231 140 148 411 246 15 . 199 Move 17854 | 36 892 605 569 221 644 364 277 409 393 635 134 813 1067 684 205 795 512 254 1403 760 335 841 588 148 742 527 165 96 796 834 157 99 854 Hop 3 | . . . . . . . . . . . . . . . . . . . . . . . . . . . . . . 1 . . 2 Pick Up 283 | 5 30 3 18 6 13 1 9 16 6 4 1 11 17 6 3 15 7 8 11 4 6 12 7 2 13 10 7 . 22 6 2 1 1 Fast Attach 231 | 6 5 . 4 2 2 2 1 6 6 5 1 3 9 . . 3 9 6 8 15 8 24 1 5 10 17 6 6 23 26 . 3 9 Attach 122 | . 2 1 2 . 6 . 5 1 2 1 . 3 6 1 . 6 3 5 5 3 5 3 4 5 9 1 1 1 19 9 1 1 11 Detach 34 | . 1 . . . . . 2 1 1 1 . . . . . . . . 1 3 1 . . 1 2 1 . 1 3 5 . 1 9 Swap 570 | . 13 6 9 8 14 1 4 8 4 8 3 8 26 40 4 25 24 5 111 24 40 17 19 6 66 23 4 5 44 . . 1 . Drop 455 | . 28 7 22 10 11 4 3 30 6 14 2 9 24 9 5 13 13 16 21 23 14 26 6 8 16 30 13 3 44 18 1 3 3 Fire 1529 | 5 63 10 37 20 40 5 8 6 27 126 7 65 53 42 7 52 34 73 124 97 76 62 33 56 155 36 16 28 120 20 . 4 22 Melee 61 | . . . . 6 19 . 1 1 . 1 . 1 . . . . . . . . . . . . . . . . . 1 1 . 30 Ram 2 | . . . . . . . . . . . . . . . . . . . . . . . . . . . . . 2 . . . . Kick . | . . . . . . . . . . . . . . . . . . . . . . . . . . . . . . . . . . Crush 52 | . . . . . . . . . . . . 1 . . 1 2 . . 1 . . . . . 47 . . . . . . . . Escape Stasis 49 | . . . . . 24 . . . . . . . . . . . . . . 3 . 18 . . . 4 . . . . . . . Rewire 147 | . . . . . 23 . . . . . . . . . . 19 . . . 59 . . . . . 44 . . . . . 2 . Trap . | . . . . . . . . . . . . . . . . . . . . . . . . . . . . . . . . . . Miscellaneous 23 | . . . . . . . . . . . . . . . . . . . . . . . . . . 20 . . 3 . . . . Route ------- -11/Scrapyard -10/Materials (discovered 5 exits: *Mat x3 / *Min / [*Sub]) -10/Mines (discovered 3 exits: *Mat x2 / [*Sub]) -9/Materials (discovered 7 exits: *Mat x3 / Min x2 / *Sto x2) -9/Storage -9/Garrison (discovered 3 exits: *Rec x3) -9/Recycling -7/Factory -7/Waste -7/Factory -7/Garrison (discovered 3 exits: *Fac x3) -7/Factory -7/Garrison (discovered 3 exits: *Fac x3) -6/Factory (discovered 3 exits: *Fac / [*Low] / Gar) -6/Garrison (discovered 4 exits: *Fac x4) -6/Factory -6/Garrison (discovered 3 exits: *Fac x3) -5/Factory -5/Waste -5/Factory (discovered 5 exits: *Fac x2 / *Upp x2 / Gar) -5/Garrison (discovered 3 exits: *Fac x3) -5/Factory -5/Garrison (discovered 3 exits: *Fac x3) -4/Factory -4/Waste -4/Factory (discovered 5 exits: Upp x2 / *Ext x2 / Arm) -4/Extension (discovered 2 exits: *Res / *Cet) -4/Cetus (discovered 2 exits: *Res / [*Arc]) -4/Archives (discovered 3 exits: *Res / *Hub x2) -4/Hub_04(d) (discovered 3 exits: *Res x3) -3/Research (discovered 3 exits: *Res / Qua x2) -2/Research -2/DSF -1/Access To Epsilon Eridani History --------- Turn | Location | Event 16 | -11/Scrapyard | Discovered new exit (range 16) 87 | -11/Scrapyard | Entered Materials 303 | -10/Materials | Build established: Mutant 501 | -10/Materials | Central database locked down 508 | -10/Materials | Discovered new exit (range 10) 564 | -10/Materials | Discovered new exit (range 16) 587 | -10/Materials | Derelicts attacked the area 792 | -10/Materials | Discovered new exit (range 10) 1058 | -10/Materials | Discovered new exit (range 4) 1062 | -10/Materials | Build established: Scavenger-Mutant 1332 | -10/Materials | Discovered new exit (range 9) 1750 | -10/Materials | Entered Mines 1761 | -10/Mines | Escorted by a lone wolf Derelict 1781 | -10/Mines | Learned location of Storage (-9) 1789 | -10/Mines | Discovered new exit (range 10) 2003 | -10/Mines | Learned Materials stockpile data 2062 | -10/Mines | Assembled infested the area 2067 | -10/Mines | Assisted by a Guerilla fighting off Assembled 2531 | -10/Mines | Discovered new exit (range 9) 2569 | -10/Mines | Discovered new exit (range 5) 2790 | -10/Mines | Found a Scrap Suit stashed away for nefarious purposes 2828 | -10/Mines | Learned Materials terminal intel 3023 | -10/Mines | Entered Materials 3023 | -9/Materials | Evolved 2 slots: Utility x1, Weapon x1 3025 | -9/Materials | Loaded intel: 12 terminal locations 3265 | -9/Materials | Discovered new exit (range 9) 3325 | -9/Materials | Build established: Scavenger-Gunner 3613 | -9/Materials | Discovered new exit (range 15) 3633 | -9/Materials | Central database locked down 3799 | -9/Materials | Discovered new exit (range 13) 3974 | -9/Materials | Identified exit to Mines 3974 | -9/Materials | Identified exit to Storage 4080 | -9/Materials | Identified exit to Materials 4097 | -9/Materials | Repaired Imp. Heat Sink 4130 | -9/Materials | Repaired Hvy. Assault Rifle 4188 | -9/Materials | Learned Storage emergency access door positions 4212 | -9/Materials | Learned location of 2 exits from Materials 4246 | -9/Materials | Learned location of 1 exit from Recycling 4277 | -9/Materials | Entered Storage 4327 | -9/Storage | Build established: Tank 4837 | -9/Storage | Identified exit to Garrison 4849 | -9/Storage | Entered Garrison 4901 | -9/Garrison | Triggered checkpoint 5059 | -9/Garrison | Destroyed 9 combat bots 5123 | -9/Garrison | Triggered checkpoint 5220 | -9/Garrison | Discovered new exit (range 8) 5335 | -9/Garrison | Triggered checkpoint 5384 | -9/Garrison | Triggered checkpoint 5440 | -9/Garrison | Lost 4 parts (1n1u2w) 5575 | -9/Garrison | Installed Relay Interface Framework 5605 | -9/Garrison | Discovered new exit (range 10) 5967 | -9/Garrison | Discovered new exit (range 12) 6001 | -9/Garrison | Triggered checkpoint 6199 | -9/Garrison | Entered Recycling 6199 | -9/Recycling | Accompanied by 2 allies 6200 | -9/Recycling | Identified exit to Factory 6362 | -9/Recycling | Build established: Scavenger-Tank 6773 | -9/Recycling | Entered Factory 6773 | -7/Factory | Accompanied by 2 allies 6773 | -7/Factory | Evolved 4 slots: Propulsion x2, Utility x2 7074 | -7/Factory | Build established: Scavenger-Gunner 7357 | -7/Factory | Sucked down chute 7357 | -7/Factory | Entered Waste 7371 | -7/Waste | Found Prototype Processor 7412 | -7/Waste | Spotted C-40 Crusher 7422 | -7/Waste | Spotted C-40 Crusher 7427 | -7/Waste | Spotted C-40 Crusher 7452 | -7/Waste | Spotted C-40 Crusher 7476 | -7/Waste | Warlord forces began an assault 7481 | -7/Waste | Found Prototype Launcher 7481 | -7/Waste | Identified Mni. Smartbomb Launcher 7488 | -7/Waste | Allies destroyed C-40 Crusher 7498 | -7/Waste | Allies destroyed C-40 Crusher 7501 | -7/Waste | Allies destroyed C-40 Crusher 7512 | -7/Waste | Spotted C-40 Crusher 7512 | -7/Waste | Allies destroyed C-40 Crusher 7522 | -7/Waste | Allies destroyed C-40 Crusher 7526 | -7/Waste | Lost 8 allies 7892 | -7/Waste | Found Damper Plating 7977 | -7/Waste | Found Broken Powered Armor 8171 | -7/Waste | Build established: Scavenger-Tank 8174 | -7/Waste | Discovered new exit (range 13) 8206 | -7/Waste | Entered Factory 8206 | -7/Factory | Accompanied by 10 allies 8456 | -7/Factory | Lost 6 allies 8764 | -7/Factory | Identified Exp. Targeting Computer 8867 | -7/Factory | Repaired Broken Powered Armor 8907 | -7/Factory | Garrison activated, responded to threat 8985 | -7/Factory | Identified exit to Garrison 9052 | -7/Factory | Entered Garrison 9164 | -7/Garrison | Triggered checkpoint 9225 | -7/Garrison | Garrison Relay disabled 9290 | -7/Garrison | Triggered checkpoint 9333 | -7/Garrison | Triggered checkpoint 9425 | -7/Garrison | Triggered checkpoint 9476 | -7/Garrison | Garrison Relay disabled 9513 | -7/Garrison | Discovered new exit (range 10) 9663 | -7/Garrison | Triggered checkpoint 9738 | -7/Garrison | Discovered new exit (range 12) 9751 | -7/Garrison | Expanded RIF knowledge: Structural Interface 9772 | -7/Garrison | Triggered checkpoint 9834 | -7/Garrison | Garrison Relay disabled 10299 | -7/Garrison | Discovered new exit (range 32) 10299 | -7/Garrison | Discovered new exit (range 52) 10299 | -7/Garrison | Discovered new exit (range 61) 10392 | -7/Garrison | Triggered checkpoint 10443 | -7/Garrison | Garrison Relay disabled 10506 | -7/Garrison | Entered Factory 10707 | -7/Factory | Garrison activated, responded to threat 10776 | -7/Factory | Identified exit to Garrison 10777 | -7/Factory | Entered Garrison 10858 | -7/Garrison | Garrison Relay disabled 10863 | -7/Garrison | Triggered checkpoint 10947 | -7/Garrison | Spotted B-75 Beast 10979 | -7/Garrison | Destroyed B-75 Beast 11021 | -7/Garrison | Found embedded Infiltrators 11151 | -7/Garrison | Triggered checkpoint 11174 | -7/Garrison | Triggered checkpoint 11191 | -7/Garrison | Triggered checkpoint 11241 | -7/Garrison | Destroyed 7 combat bots 11275 | -7/Garrison | Triggered checkpoint 11384 | -7/Garrison | Discovered new exit (range 10) 11401 | -7/Garrison | Expanded RIF knowledge: Threat Obfuscation 11503 | -7/Garrison | Triggered checkpoint 11612 | -7/Garrison | Discovered new exit (range 8) 11960 | -7/Garrison | Discovered new exit (range 12) 12065 | -7/Garrison | Discovered new exit (range 33) 12065 | -7/Garrison | Discovered new exit (range 36) 12065 | -7/Garrison | Discovered new exit (range 70) 12232 | -7/Garrison | Garrison Relay disabled 12331 | -7/Garrison | Garrison Relay disabled 12376 | -7/Garrison | Entered Factory 12376 | -6/Factory | Evolved 2 slots: Utility x1, Weapon x1 13402 | -6/Factory | Discovered new exit (range 13) 14012 | -6/Factory | Build established: Tank 14134 | -6/Factory | Discovered new exit (range 15) 14441 | -6/Factory | Build established: Scavenger-Tank 14552 | -6/Factory | Identified exit to Garrison 14552 | -6/Factory | Entered Garrison 14704 | -6/Garrison | Triggered checkpoint 14815 | -6/Garrison | Triggered checkpoint 14885 | -6/Garrison | Destroyed 8 combat bots 14948 | -6/Garrison | Discovered new exit (range 7) 15027 | -6/Garrison | Found embedded Infiltrators 15032 | -6/Garrison | Triggered checkpoint 15196 | -6/Garrison | Expanded RIF knowledge: Patrol Navigation 15260 | -6/Garrison | Triggered checkpoint 15324 | -6/Garrison | Triggered checkpoint 15374 | -6/Garrison | Triggered checkpoint 15417 | -6/Garrison | Discovered new exit (range 3) 15484 | -6/Garrison | Discovered new exit (range 10) 15608 | -6/Garrison | Triggered checkpoint 15706 | -6/Garrison | Discovered new exit (range 12) 15754 | -6/Garrison | Triggered checkpoint 15941 | -6/Garrison | Garrison Relay disabled 15994 | -6/Garrison | Entered Factory 16344 | -6/Factory | First assault squad dispatched 16359 | -6/Factory | Identified exit to Garrison 16359 | -6/Factory | Entered Garrison 16385 | -6/Garrison | Garrison Relay disabled 16485 | -6/Garrison | System corruption reached 10% 16583 | -6/Garrison | Build established: Tank 16683 | -6/Garrison | Triggered checkpoint 16745 | -6/Garrison | Discovered new exit (range 8) 16771 | -6/Garrison | Triggered checkpoint 16801 | -6/Garrison | Learned Factory security intel 16897 | -6/Garrison | Triggered checkpoint 17097 | -6/Garrison | Rewired Striker 17134 | -6/Garrison | Discovered new exit (range 12) 17457 | -6/Garrison | Triggered checkpoint 17567 | -6/Garrison | Triggered checkpoint 17624 | -6/Garrison | Expanded RIF knowledge: Watcher Feeds 17627 | -6/Garrison | Triggered checkpoint 17775 | -6/Garrison | Discovered new exit (range 14) 17947 | -6/Garrison | Garrison Relay disabled 18026 | -6/Garrison | Entered Factory 18026 | -5/Factory | Evolved 2 slots: Power x1, Utility x1 18427 | -5/Factory | Found Hvy. Insulated Plating 18554 | -5/Factory | Discovered new exit (range 6) 19125 | -5/Factory | Sucked down chute 19125 | -5/Factory | Entered Waste 19148 | -5/Waste | Spotted C-40 Crusher 19186 | -5/Waste | Spotted C-40 Crusher 19194 | -5/Waste | Spotted C-40 Crusher 19208 | -5/Waste | Spotted C-40 Crusher 19248 | -5/Waste | Spotted C-40 Crusher 19347 | -5/Waste | Discovered new exit (range 12) 19370 | -5/Waste | Spotted C-40 Crusher 19379 | -5/Waste | Destroyed C-40 Crusher 19402 | -5/Waste | Found Damper Plating 19502 | -5/Waste | Destroyed C-40 Crusher 19528 | -5/Waste | Destroyed C-40 Crusher 19768 | -5/Waste | Destroyed C-40 Crusher 19810 | -5/Waste | Destroyed C-40 Crusher 19863 | -5/Waste | Entered Factory 19903 | -5/Factory | Discovered new exit (range 36) 20394 | -5/Factory | Watched by a mysterious "MATRIX" hacker. 20504 | -5/Factory | Build established: Scavenger-Tank 20968 | -5/Factory | Central database locked down 21089 | -5/Factory | Discovered new exit (range 4) 21094 | -5/Factory | Build established: Tank 21113 | -5/Factory | Spotted B-75 Beast 21227 | -5/Factory | Destroyed B-75 Beast 21666 | -5/Factory | Build established: Scavenger-Tank 21988 | -5/Factory | Discovered new exit (range 14) 22684 | -5/Factory | Identified exit to Upper Caves 22734 | -5/Factory | Garrison activated, responded to threat 23049 | -5/Factory | Build established: Scavenger-Gunner 23252 | -5/Factory | Identified exit to Garrison 23301 | -5/Factory | Entered Garrison 23369 | -5/Garrison | Expanded RIF knowledge: Autooverride 23387 | -5/Garrison | Triggered checkpoint 23459 | -5/Garrison | Garrison Relay disabled 23930 | -5/Garrison | Spotted B-75 Beast 23941 | -5/Garrison | Triggered checkpoint 23941 | -5/Garrison | Triggered checkpoint 23984 | -5/Garrison | Destroyed B-75 Beast 24044 | -5/Garrison | Discovered new exit (range 10) 24047 | -5/Garrison | Build established: Scavenger-Tank 24061 | -5/Garrison | Triggered checkpoint 24082 | -5/Garrison | Garrison Relay disabled 24170 | -5/Garrison | Identified exit to Factory 24453 | -5/Garrison | Triggered checkpoint 24595 | -5/Garrison | Discovered exit to Factory (range 65) 24595 | -5/Garrison | Discovered exit to Factory (range 26) 24595 | -5/Garrison | Discovered exit to Factory (range 69) 24621 | -5/Garrison | Triggered checkpoint 24805 | -5/Garrison | Triggered checkpoint 24809 | -5/Garrison | Triggered checkpoint 24858 | -5/Garrison | Lost 3 allies 25170 | -5/Garrison | Entered Factory 25170 | -5/Factory | Accompanied by 1 ally 25360 | -5/Factory | Unchained authorized (BL-1NK) 25671 | -5/Factory | System corruption reached 10% 26376 | -5/Factory | Found Exp. Targeting Computer 26381 | -5/Factory | Identified exit to Garrison 26388 | -5/Factory | Cargo convoy interrupted 26388 | -5/Factory | Entered Garrison 26421 | -5/Garrison | Found embedded Infiltrators 26533 | -5/Garrison | Expanded RIF knowledge: Hotswap 26563 | -5/Garrison | Spotted B-75 Beast 26581 | -5/Garrison | Destroyed B-75 Beast 26592 | -5/Garrison | Found Gamma Bomb Array 26595 | -5/Garrison | Found Gamma Bomb Array 26894 | -5/Garrison | Triggered checkpoint 26895 | -5/Garrison | Garrison Relay disabled 27042 | -5/Garrison | Spotted B-75 Beast 27073 | -5/Garrison | Destroyed B-75 Beast 27130 | -5/Garrison | Triggered checkpoint 27161 | -5/Garrison | Triggered checkpoint 27179 | -5/Garrison | Triggered checkpoint 27267 | -5/Garrison | Discovered new exit (range 12) 27334 | -5/Garrison | Triggered checkpoint 27673 | -5/Garrison | Discovered new exit (range 10) 27806 | -5/Garrison | Spotted B-86 Titan 27936 | -5/Garrison | Discovered new exit (range 10) 28036 | -5/Garrison | Triggered checkpoint 28496 | -5/Garrison | Entered Factory 28496 | -4/Factory | Evolved 2 slots: Propulsion x1, Utility x1 28635 | -4/Factory | Discovered new exit (range 13) 29717 | -4/Factory | Sucked down chute 29717 | -4/Factory | Entered Waste 29718 | -4/Waste | Met a frightened Derelict 29732 | -4/Waste | EMP discharged 29732 | -4/Waste | Spotted C-40 Crusher 29739 | -4/Waste | Spotted C-40 Crusher 29745 | -4/Waste | Spotted C-40 Crusher 29760 | -4/Waste | Spotted C-40 Crusher 29780 | -4/Waste | Spotted C-40 Crusher 29791 | -4/Waste | Spotted C-40 Crusher 29832 | -4/Waste | EMP discharged 29848 | -4/Waste | Discovered new exit (range 10) 29932 | -4/Waste | EMP discharged 29966 | -4/Waste | Destroyed C-40 Crusher 29985 | -4/Waste | Destroyed C-40 Crusher 30032 | -4/Waste | EMP discharged 30048 | -4/Waste | Destroyed C-40 Crusher 30077 | -4/Waste | Destroyed C-40 Crusher 30132 | -4/Waste | EMP discharged 30144 | -4/Waste | Destroyed C-40 Crusher 30167 | -4/Waste | Entered Factory 30184 | -4/Factory | Identified exit to Upper Caves 30184 | -4/Factory | Identified exit to Extension 30184 | -4/Factory | Identified exit to Armory 30377 | -4/Factory | Unchained authorized (BL-1NK) 31006 | -4/Factory | System corruption reached 10% 31840 | -4/Factory | Build established: Scientist-Tank 31911 | -4/Factory | Destroyed BL-1NK 32716 | -4/Factory | Build established: Scientist-Gunner 33080 | -4/Factory | Entered Extension 33243 | -4/Extension | Rescued a captive Derelict 33311 | -4/Extension | Rescued a captive Derelict 33313 | -4/Extension | Rescued a captive Derelict 33418 | -4/Extension | Build established: Scientist-Tank 33557 | -4/Extension | Rescued A7 33598 | -4/Extension | Rescued a captive Derelict 33817 | -4/Extension | Spotted B-86 Titan 33847 | -4/Extension | Spotted B-86 Titan 33856 | -4/Extension | Destroyed B-86 Titan 33862 | -4/Extension | Destroyed B-86 Titan 33881 | -4/Extension | Lost 5 allies 33974 | -4/Extension | Rescued a captive Derelict 34017 | -4/Extension | Build established: Scavenger-Tank 34134 | -4/Extension | Rescued a captive Derelict 34135 | -4/Extension | Rescued a captive Derelict 34635 | -4/Extension | Discovered new exit (range 10) 34637 | -4/Extension | Discovered new exit (range 6) 34660 | -4/Extension | Entered Cetus 34660 | -4/Cetus | Accompanied by 2 allies (A7) 34665 | -4/Cetus | Acquired a Cetus Manufacturing Module code from A7 34696 | -4/Cetus | Spotted Cetus Guard 34697 | -4/Cetus | Spotted Cetus Guard 34704 | -4/Cetus | Destroyed Cetus Guard 34711 | -4/Cetus | Destroyed Cetus Guard 34714 | -4/Cetus | Allies destroyed Cetus Guard 34714 | -4/Cetus | Destroyed Cetus Guard 34897 | -4/Cetus | Started Cetus Manufacturing Module 34922 | -4/Cetus | Manufactured an Enhanced Grunt 34924 | -4/Cetus | Discovered new exit (range 16) 34947 | -4/Cetus | Manufactured an Enhanced Grunt 34972 | -4/Cetus | Manufactured an Enhanced Grunt 34997 | -4/Cetus | Manufactured an Enhanced Grunt 35022 | -4/Cetus | Manufactured an Enhanced Grunt 35076 | -4/Cetus | Destroyed Cetus Guard 35114 | -4/Cetus | Discovered new exit (range 16) 35122 | -4/Cetus | Met Revision 17 35214 | -4/Cetus | Entered Archives 35214 | -4/Archives | Accompanied by 6 allies (A7) 35326 | -4/Archives | Discovered new exit (range 15) 35467 | -4/Archives | Discovered new exit (range 14) 35607 | -4/Archives | Discovered new exit (range 13) 35631 | -4/Archives | Entered Hub_04(d) 35631 | -4/Hub_04(d) | Accompanied by 5 allies 35643 | -4/Hub_04(d) | Discovered new exit (range 14) 35835 | -4/Hub_04(d) | Unchained authorized (CL-0N3) 35895 | -4/Hub_04(d) | Found Prototype Device 35895 | -4/Hub_04(d) | Identified Exp. Thermal Shield 36160 | -4/Hub_04(d) | W-44 Eye reconstituted as Alpha 7 36160 | -4/Hub_04(d) | Spotted Alpha 7 36184 | -4/Hub_04(d) | Destroyed Alpha 7 36184 | -4/Hub_04(d) | Alpha 7 reconstituted as CL-0N3 36196 | -4/Hub_04(d) | Allies destroyed CL-0N3 36203 | -4/Hub_04(d) | Extracted schematics, analyses from CL-0N3's data core 36260 | -4/Hub_04(d) | Network Hub disabled 36325 | -4/Hub_04(d) | Spotted Lightning 36327 | -4/Hub_04(d) | Spotted Lightning 36331 | -4/Hub_04(d) | Spotted Lightning 36357 | -4/Hub_04(d) | Destroyed Lightning 36361 | -4/Hub_04(d) | Destroyed Lightning 36380 | -4/Hub_04(d) | Destroyed Lightning 36392 | -4/Hub_04(d) | Found Prototype Device 36392 | -4/Hub_04(d) | Identified Exp. EM Shield 36410 | -4/Hub_04(d) | Found Prototype Energy Cannon 36410 | -4/Hub_04(d) | Identified EMDS 36425 | -4/Hub_04(d) | Found Prototype Device 36425 | -4/Hub_04(d) | Identified Exp. Phase Shifter 36441 | -4/Hub_04(d) | Found Exp. EM Shield 36455 | -4/Hub_04(d) | Found Exp. Targeting Computer 36638 | -4/Hub_04(d) | Found Prototype Processor 36638 | -4/Hub_04(d) | Identified Exp. Signal Interpreter 37008 | -4/Hub_04(d) | Discovered new exit (range 11) 37032 | -4/Hub_04(d) | Network Hub disabled 37036 | -4/Hub_04(d) | Destroyed Lightning 37037 | -4/Hub_04(d) | Spotted Lightning 37039 | -4/Hub_04(d) | Destroyed Lightning 37044 | -4/Hub_04(d) | Destroyed Lightning 37176 | -4/Hub_04(d) | Discovered new exit (range 16) 37293 | -4/Hub_04(d) | Spotted Lightning 37295 | -4/Hub_04(d) | Spotted Lightning 37297 | -4/Hub_04(d) | Spotted Lightning 37304 | -4/Hub_04(d) | Destroyed Lightning 37329 | -4/Hub_04(d) | Destroyed Lightning 37348 | -4/Hub_04(d) | Destroyed Lightning 37381 | -4/Hub_04(d) | First assault squad dispatched 37434 | -4/Hub_04(d) | Spotted B-86 Titan 37445 | -4/Hub_04(d) | Garrison activated, responded to threat 37555 | -4/Hub_04(d) | Core integrity fell below 50% 37615 | -4/Hub_04(d) | Core integrity fell below 20% 37646 | -4/Hub_04(d) | Lost 24 parts (3p5n10u6w) 37742 | -4/Hub_04(d) | Entered Research 37742 | -3/Research | Evolved 2 slots: Propulsion x1, Utility x1 37786 | -3/Research | Found Unknown Launcher 37786 | -3/Research | Identified Fusion Bomb Launcher 37913 | -3/Research | Build established: Mutant 37942 | -3/Research | Revision forces began assault on 0b10 37969 | -3/Research | Met up with Revision 17++ 38184 | -3/Research | Identified exit to Quarantine 38271 | -3/Research | Discovered new exit (range 15) 38381 | -3/Research | Identified exit to Research 38418 | -3/Research | Found Prototype Hackware 38423 | -3/Research | Identified Exp. System Shield 38442 | -3/Research | Research terminal network offline 38448 | -3/Research | Found Prototype Protection 38448 | -3/Research | Identified Centrium Heavy Armor Plating 38629 | -3/Research | Entered another Research area 38629 | -2/Research | Evolved 2 slots: Propulsion x1, Utility x1 38707 | -2/Research | Build established: Hacker-Mutant 38728 | -2/Research | Identified exit to DSF 38734 | -2/Research | Entered DSF 38754 | -2/DSF | Additional patrols routed to DSF 38795 | -2/DSF | Lost 5 parts (1p2u2w) 38802 | -2/DSF | Discovered new exit (range 11) 38807 | -2/DSF | Identified exit to Access 38808 | -2/DSF | Entered Access 38808 | -1/Access | Evolved 2 slots: Propulsion x1, Utility x1 39106 | -1/Access | Lost 4 parts (1p1n2u) 39180 | -1/Access | System corruption reached 10% 39224 | -1/Access | Core integrity fell below 50% 39273 | -1/Access | Lost 12 parts (1p3n5u3w) 39340 | -1/Access | Identified exit to Surface 39564 | -1/Access | Core integrity fell below 20% 39573 | *** | Escaped! Last Messages --------------- 39402_ Acquired 37 matter. 39422_ Acquired Lgt. Quantum Reactor. 39424_ RIF reveals location of hidden door. 39440_ %ZAK 0M%EFNPLTGOAV1 39476_ Slug penetrates Wall. 39479_ Penetrated by Slug. 39479_ Adv. Signal Interpreter destroyed. 39479_ Slug penetrates Wall. 39501_ System corrupted: Matter fused (-7). 39518_ System corrupted: Matter fused (-10). 39546_ ALERT: Potential suspicious activity detected, Programmers report to Access Zone 6Y. 39559_ System corrupted: Heat flow error (+142). 39563_ Gravity Flail destroyed. 39570_ Connecting with Terminal... >>Open(Door) Sealed Barrier opened. 39571_ The Access Shell folds into the floor. Map ----- +----------------------------------------------------+ | ???????????# #??????????????????????????????????? | | ???????????# #??????????????????????????????????? | | ???????????# #??????????????????????????????????? | | ???????????# #??????????????????????????????????? | | ???????????# #??????????????????????????????????? | | ???????????# #??????????????????????????????????? | | ???????????# #??????????????????????????????????? | | ???????????+ +??????????????????????????????????? | | ???????????# #??????????????????????????????????? | | ???????????# #??????????????????????????????????? | | ???????????# #######################????????????? | | ??????????##% ????????????? | | ?????????##" ????????????? | | ????????## ########## pp""#?????????????????? | | #########"##????????# ""#?????????????????? | | ##?????????# ""#?????????????????? | | #??????????# T#?????????????????? | | """"" #??????????# ""#?????????????????? | | """""" #??????????# ""#?????????????????? | | """""" #?????????## ""##????????????????? | | """"" #?????????# #????????????????? | | ##????????## ##????????????????? | | ] "#?????????# #?????????????????? | | ###########?????????# #?????????????????? | | ????????????????????# #?????????????????? | | ????????????????????# @" #?????????????????? | | ????????????????????# "" #???????A?????????? | | ????????????????????# #?????????????????? | | ????????????????????# #?????????????????? | | ????????????????????# #?????????????????? | | ????????????????????#""""""""""#?????????????????? | | ?????????????????????????????????????????????????? | | ?????????????????????????????????????????????????? | | ?????????????????????????????????????????????????? | | ?????????????????????????????????????????????????? | | ??????????????????????BB????BB???????????????????? | | ??????????????????????BB????BB???????????????????? | | ?????????????????????????????????????????????????? | | ?????????????????????????????????????????????????? | | ?????????????????????????????????????????????????? | | ?????????????????????????????????????????????????? | | ?????????????????????????????????????????????????? | | ?????????????????????????????????????????????????? | | ?????????????????????????????????????????????????? | | ?????????????????????????????????????????????????? | | ?????????????????????????????????????????????????? | | ?????????????????????????????????????????????????? | | ?????????????????????????????????????????????????? | | ?????????????????????????????????????????????????? | | ?????????????????????????????????????????????????? | +----------------------------------------------------+ Best States ------------- Heat Dissipation 105 Energy Generation 45 Energy Capacity 1100 Matter Stores 699 Matter Capacity 800 Sight Range 20 Robot Scan Range 16 Terrain Scan Density 85 Jamming Range 16 Cloak Strength 3 Armor Coverage 3200 Resistance: TH 15 Resistance: EM 90 Propulsion Shielding 66 Weapon Cycling 20 Evasion (%) 67 Targeting Accuracy 12 Target Analysis 6 Core Analysis 6 Recoil Reduction 5 Offensive Hacking 12 Defensive Hacking 26 Relay Coupler Types 2 Relay Coupler Value 36 Item Schematics ----------------- Huge Storage Unit | -9/Materials | Hacked Gamma Bomb Array | -5/Factory | Hacked Robot Schematics ------------------ K-01 Serf | -4/Hub_04(d) | Archive T-07 Excavator | -4/Hub_04(d) | Archive A-02 Transporter | -4/Hub_04(d) | Archive A-15 Conveyor | -4/Hub_04(d) | Archive R-06 Scavenger | -4/Hub_04(d) | Archive R-10 Processor | -4/Hub_04(d) | Archive M-14 Sweeper | -4/Hub_04(d) | Archive M-22 Extractor | -4/Hub_04(d) | Archive M-30 Cleanser | -4/Hub_04(d) | Archive M-13 Machinist | -4/Hub_04(d) | Archive M-28 Smith | -4/Hub_04(d) | Archive M-36 Artificer | -4/Hub_04(d) | Archive O-16 Technician | -4/Hub_04(d) | Archive O-24 Administrator | -4/Hub_04(d) | Archive O-32 Director | -4/Hub_04(d) | Archive W-16 Scout | -4/Hub_04(d) | Archive W-25 Informer | -4/Hub_04(d) | Archive W-44 Eye | -4/Hub_04(d) | Archive S-10 Pest | -4/Hub_04(d) | Archive S-27 Virus | -4/Hub_04(d) | Archive S-43 Plague | -4/Hub_04(d) | Archive G-34 Mercenary | -4/Hub_04(d) | Archive G-47 Trooper | -4/Hub_04(d) | Archive G-50 Soldier | -4/Hub_04(d) | Archive G-67 Veteran | -4/Hub_04(d) | Archive G-73 Enforcer | -4/Hub_04(d) | Archive B-36 Bruiser | -4/Hub_04(d) | Archive B-48 Gladiator | -4/Hub_04(d) | Archive B-60 Warrior | -4/Hub_04(d) | Archive B-74 Champion | -4/Hub_04(d) | Archive L-31 Rogue | -4/Hub_04(d) | Archive L-41 Fighter | -4/Hub_04(d) | Archive L-61 Swordsman | -4/Hub_04(d) | Archive Y-45 Defender | -4/Hub_04(d) | Archive Y-54 Guardian | -4/Hub_04(d) | Archive Y-64 Sentinel | -4/Hub_04(d) | Archive Y-72 Warden | -4/Hub_04(d) | Archive D-53 Grenadier | -4/Hub_04(d) | Archive D-63 Destroyer | -4/Hub_04(d) | Archive D-83 Annihilator | -4/Hub_04(d) | Archive X-57 Shotgunner | -4/Hub_04(d) | Archive X-62 Marksman | -4/Hub_04(d) | Archive X-67 Chaingunner | -4/Hub_04(d) | Archive X-72 Disruptor | -4/Hub_04(d) | Archive X-77 Beamer | -4/Hub_04(d) | Archive X-82 Rainmaker | -4/Hub_04(d) | Archive X-87 Electro | -4/Hub_04(d) | Archive H-55 Commando | -4/Hub_04(d) | Archive H-66 Slayer | -4/Hub_04(d) | Archive H-77 Assassin | -4/Hub_04(d) | Archive H-88 Terminator | -4/Hub_04(d) | Archive P-60 Hacker | -4/Hub_04(d) | Archive P-70 Sage | -4/Hub_04(d) | Archive P-80 Master | -4/Hub_04(d) | Archive Fabricated ------------ Nothing Repaired ---------- Imp. Heat Sink | 57% | -9/Materials Hvy. Assault Rifle | 72% | -9/Materials Powered Armor | 20% | -7/Factory | Broken Studied --------- Rocket Launcher | -7/Factory | Hacked Hpw. Shotgun | -7/Factory | Hacked Flak Gun | -7/Factory | Hacked Remote Datajack | -7/Factory | Hacked Fission Core | -6/Factory | Hacked Hvy. Machine Gun | -6/Factory | Hacked Imp. Remote Datajack | -6/Factory | Hacked Gauss Rifle | -6/Factory | Hacked KE Penetrator | -5/Factory | Hacked Imp. Heavy Treads | -5/Factory | Hacked Biometal Heavy Treads | -4/Factory | Hacked Adv. Heavy Siege Treads | -4/Factory | Hacked Gamma Bomb Array | -4/Factory | Hacked Railgun | -4/Factory | Hacked Particle Reactor | -4/Factory | Hacked Alien Tech Used ----------------- None Achievements -------------- None Challenges ------------ None Game ------ Seed AbsorptionGravitonField Manual? 0 Play Time 05:06:21 Cumulative 1658.5 hours Start 2026.03.26 @ 03:46:19 End 2026.03.27 @ 00:15:05 Sessions 7 Manual Loads 0 Difficulty Rogue Special Mode None Game No. 1181 Rogue 1141 Adventurer 40 Explorer 0 Win Type 0 Total 217 Types 101/11/74/2/2/4/16/2/1/4 Lore% 98 Gallery% 96 Achievement% 86 Wizard Run 0 Options --------- Layout 0 ASCII 0 Keyboard 0 Movement Numpad Keybinds 0 Fullscreen 0 Font 20/Terminus Map View 76x50 Zoom Use 0% Tactical HUD 1 Map Filters NONE Filters NONE Steam 1 RUN: 3757e920-6745-449d-9536-b11c79563988